 Dungeon Crawl Stone Soup version 0.27.0-1-g7a089689b8 (webtiles) character file.

Game seed: 17923589405212289855

3543360 jt the Slayer (level 27, 254/264 HPs)
             Began as a Palentonga Chaos Knight on Aug 6, 2021.
             Was a Favourite Plaything of Xom.
             Escaped with the Orb
             ... and 5 runes on Aug 7, 2021!
             The game lasted 05:08:25 (62224 turns).

jt the Slayer (Palentonga Chaos Knight)            Turns: 62224, Time: 05:08:26

Health: 254/264    AC: 37    Str: 28      XL:     27
Magic:  55/55      EV: 19    Int: 17 (18) God:    Xom [......]
Gold:   1246       SH: 17    Dex: 22      Spells: 39/56 levels left

rFire    + + .     SeeInvis +   a - +9 broad axe (elec)
rCold    + + +     Faith    .   z - +2 shield of Resistance {rF++ rC++ Will++}
rNeg     + + +     Spirit   .   K - +5 ring mail "Oxked" {Rampage Dex+5 Slay+4 Stlth-}
rPois    +         Reflect  .   o - +2 hat
rElec    +         Harm     .   N - +2 ratskin cloak {*Rats rPois rN+ Str-1 Int-1 Dex+1}
rCorr    +         Rampage  +   d - +3 pair of gauntlets of War {Slay+5}
Will     +++++                  Y - +6 lightning scales {swift, rElec}
Stlth    +.........             b - amulet of regeneration
HPRegen  2.54/turn              B - ring of the Mage {Wiz Will++ Int+3}
MPRegen  0.34/turn              O - ring "Jyugy" {rPois rN++ rCorr MP+9}

@: quick
A: large, rugged brown scales 3, see invisible, deformed body, roll 2, armoured
tail, reflexive curl, fangs 1, horns 1, stinger 1, talons 2, iridescent scales
1, thin skeletal structure 1, agile 2, cold resistance 1, high mp 1,
strong-willed 2, poison resistance, regeneration 1, shaggy fur 1, strong 2, wild
magic 1, evolution 1, sturdy frame 1
0: Orb of Zot
}: 5/15 runes: decaying, serpentine, slimy, silver, abyssal
a: Rolling Charge, Renounce Religion


You escaped.
You worshipped Xom.
You were a very special plaything of Xom.
You visited 11 branches of the dungeon, and saw 55 of its levels.
You visited the Abyss 2 times.
You also visited: Sewer, Bailey, Gauntlet and Ice Cave.

You collected 11812 gold pieces.
You spent 10566 gold pieces at shops.

Inventory:

Hand Weapons
 a - a +9 broad axe of electrocution (weapon)
 f - the +7 hunting sling of the Land of Plenty {venom, +Blink Dex+3}
   (You found it on level 2 of the Lair of Beasts)

   Any ammunition fired from it poisons the flesh of those it strikes.
   Dex:       It affects your dexterity (+3).
   +Blink:    It lets you blink.
Missiles
 m - 15 silver javelins
 u - 19 curare-tipped darts
 E - 316 sling bullets
 V - 8 throwing nets
Armour
 d - the +3 pair of gauntlets of War (worn) {Slay+5}
   (You bought it in a shop on level 2 of the Vaults)

   Slay:      It affects your accuracy & damage with ranged weapons and melee
   (+5).
 o - a +2 hat (worn)
 z - the +2 shield of Resistance (worn) {rF++ rC++ Will++}
   (You bought it in a shop on level 2 of the Orcish Mines)

   rF:        It greatly protects you from fire.
   rC:        It greatly protects you from cold.
   Will:      It greatly increases your willpower.
 K - the +5 ring mail "Oxked" (worn) {Rampage Dex+5 Slay+4 Stlth-}
   (You bought it in a shop on level 4 of the Dungeon)

   Dex:       It affects your dexterity (+5).
   Slay:      It affects your accuracy & damage with ranged weapons and melee
   (+4).
   Rampage:   It bestows one free step when moving towards enemies.
   Stlth:     It makes you less stealthy.
 N - the +2 ratskin cloak (worn) {*Rats rPois rN+ Str-1 Int-1 Dex+1}
   (You found it on level 13 of the Dungeon)

   When the wearer is hurt, rats may emerge from it to assist them.
   Str:       It affects your strength (-1).
   Int:       It affects your intelligence (-1).
   Dex:       It affects your dexterity (+1).
   rPois:     It protects you from poison.
   rN:        It protects you from negative energy.
 Y - the +6 lightning scales (worn) {swift, rElec}
   (You acquired it on level 4 of the Depths)

   It allows the wearer to cover ground more swiftly.
   rElec:     It insulates you from electricity.
Jewellery
 b - an amulet of regeneration (around neck)
 A - the ring "Onewkomi" {rC+ Will+ MP+9}
   (You acquired it on level 2 of the Snake Pit)

   [ring of magical power]

   rC:        It protects you from cold.
   MP:        It affects your magic capacity (+9).
   Will:      It increases your willpower.
 B - the ring of the Mage (left hand) {Wiz Will++ Int+3}
   (You found it on level 5 of the Dungeon)

   [ring of wizardry]

   It improves your spell success rate.
   Int:       It affects your intelligence (+3).
   Will:      It greatly increases your willpower.
 O - the ring "Jyugy" (right hand) {rPois rN++ rCorr MP+9}
   (You found it on level 5 of the Pits of Slime)

   [ring of magical power]

   rPois:     It protects you from poison.
   rN:        It greatly protects you from negative energy.
   MP:        It affects your magic capacity (+9).
   rCorr:     It protects you from acid and corrosion.
 W - the ring "Notutanwi" {rF+ Int+6}
   (You bought it in a shop on level 3 of the Depths)

   [ring of protection from fire]

   Int:       It affects your intelligence (+6).
   rF:        It protects you from fire.
Wands
 p - a wand of iceblast (54)
 r - a wand of flame (15)
 s - a wand of charming (56)
 w - a wand of acid (15)
 y - a wand of mindburst (9)
 L - a wand of polymorph (19)
 U - a wand of paralysis (30)
 Z - a wand of digging (18)
Scrolls
 h - 9 scrolls of fear
 i - 6 scrolls of summoning
 q - 32 scrolls of teleportation
 C - 5 scrolls of silence
 D - 8 scrolls of fog
 F - 3 scrolls of immolation
 M - 5 scrolls of holy word
 Q - a scroll of blinking
Potions
 g - 7 potions of might
 j - 15 potions of curing
 l - 7 potions of heal wounds
 n - 2 potions of resistance
 t - 5 potions of ambrosia
 v - 2 potions of berserk rage
 x - 8 potions of cancellation
 G - 8 potions of flight
 H - 2 potions of magic
 I - 2 potions of haste
 J - 2 potions of mutation
Miscellaneous
 c - a phial of floods
 e - a box of beasts
 k - a condenser vane
 P - a tin of tremorstones (2/2)
 S - a phantom mirror
 X - a lightning rod (4/4)


   Skills:
 - Level 26.9 Fighting
 - Level 18.0 Axes
 + Level 11.8 Throwing
 - Level 10.0 Armour
 + Level 15.7 Dodging
 - Level 15.0 Shields
 - Level 15.0 Spellcasting
 - Level 5.0 Conjurations
 - Level 10.0 Necromancy
 - Level 8.0 Translocations
 + Level 20.4 Evocations


You had 39 spell levels left.
You knew the following spells:

 Your Spells              Type           Power      Damage    Failure   Level
a - Poisonous Vapours     Pois/Air       32%        N/A       5%          2
b - Blink                 Tloc           N/A        N/A       1%          2
c - Teleport Other        Tloc           51%        N/A       1%          3
d - Vampiric Draining     Necr           28%        2d10      1%          3
e - Iskenderun's Mystic   Conj/Tloc      45%        2d10      2%          4
f - Gell's Gravitas       Tloc           25%        N/A       1%          3

Your spell library contained the following spells:

 Spells                   Type           Power      Damage    Failure   Level
 Animate Skeleton         Necr           100%       N/A       1%          1
 Magic Dart               Conj           100%       1d8       1%          1
 Pain                     Necr           100%       1d9       1%          1
 Shock                    Conj/Air       100%       1d9       1%          1
 Corpse Rot               Necr/Air       N/A        N/A       1%          2
 Searing Ray              Conj           76%        3d6       1%          2
 Lesser Beckoning         Tloc           25%        N/A       1%          3
 Dispel Undead            Necr           57%        3d20      1%          4
 Excruciating Wounds      Necr           28%        N/A       1%          5
 Static Discharge         Conj/Air       27%        N/A       2%          2
 Portal Projectile        Hex/Tloc       68%        N/A       2%          3
 Sandblast                Erth           32%        2d9       4%          1
 Sting                    Tmut/Pois      64%        1d6       4%          1
 Summon Small Mammal      Summ           64%        N/A       4%          1
 Conjure Flame            Conj/Fire      27%        6-21      4%          3
 Dazzling Flash           Conj/Hex       54%        N/A       4%          3
 Stone Arrow              Conj/Erth      54%        3d10      4%          3
 Manifold Assault         Tloc           51%        N/A       4%          5
 Call Imp                 Summ           16%        N/A       5%          2
 Ensorcelled Hibernation  Hex/Ice        32%        N/A       5%          2
 Passwall                 Tmut/Erth      13%        N/A       5%          2
 Slow                     Hex            16%        N/A       5%          2
 Mephitic Cloud           Conj/Pois/Air  23%        N/A       5%          3
 Death Channel            Necr           28%        N/A       9%          6
 Call Canine Familiar     Summ           16%        N/A       10%         3
 Confusing Touch          Hex            16%        N/A       10%         3
 Frozen Ramparts          Ice            32%        1d5       10%         3
 Ignite Poison            Fire/Tmut/Pois 16%        N/A       10%         3
 Inner Flame              Hex/Fire       16%        N/A       10%         3
 Ozocubu's Armour         Ice            16%        N/A       10%         3
 Spider Form              Tmut/Pois      8%         N/A       10%         3
 Summon Guardian Golem    Hex/Summ       16%        N/A       10%         3
 Swiftness                Air            16%        N/A       10%         3
 Fulminant Prism          Conj/Hex       13%        3d9       12%         4
 Sticky Flame             Conj/Fire      27%        2d5       12%         4
 Iskenderun's Battlesphe  Conj           38%        2d9       12%         5
 Airstrike                Air            8%         N/A       28%         4
 Animate Armour           Summ/Erth      32%        N/A       28%         4
 Ice Form                 Ice/Tmut       16%        N/A       28%         4
 Leda's Liquefaction      Hex/Erth       8%         N/A       28%         4
 Olgreb's Toxic Radiance  Pois           16%        N/A       28%         4
 Summon Ice Beast         Ice/Summ       16%        N/A       28%         4
 Fireball                 Conj/Fire      13%        3d7       28%         5
 Bolt of Magma            Conj/Fire/Erth 11%        4d7       38%         5
 Freezing Cloud           Conj/Ice/Air   11%        6-21      38%         5
 Simulacrum               Ice/Necr       19%        N/A       47%         6
 Blade Hands              Tmut           8%         N/A       58%         5
 Lee's Rapid Deconstruct  Erth           8%         3d8*      58%         5
 Metabolic Englaciation   Hex/Ice        8%         N/A       58%         5
 Summon Mana Viper        Hex/Summ       16%        N/A       58%         5
 Conjure Ball Lightning   Conj/Air       13%        3x3d6     80%         6
 Starburst                Conj/Fire      13%        8x6d6     80%         6
 Orb of Destruction       Conj           19%        9d8       94%         7
 Shadow Creatures         Summ           N/A        N/A       98%         6
 Statue Form              Tmut/Erth      10%        N/A       98%         6
 Spellforged Servitor     Conj/Summ      13%        N/A       99%         7
 Disjunction              Tloc           25%        N/A       99%         8
 Ozocubu's Refrigeration  Ice            8%         4d6       100%        7
 Storm Form               Tmut/Air       8%         N/A       100%        7
 Discord                  Hex            8%         N/A       100%        8
 Ignition                 Fire           8%         3d5       100%        8
 Lehudib's Crystal Spear  Conj/Erth      13%        10d5      100%        8
 Dragon's Call            Summ           8%         N/A       100%        9
 Shatter                  Erth           8%         3d10*     100%        9


Dungeon Overview and Level Annotations

Branches:
Dungeon (15/15)            Temple (1/1) D:5            Lair (6/6) D:11
  Swamp (4/4) Lair:4        Snake (4/4) Lair:2        Slime (5/5) Lair:5
    Orc (2/2) D:12            Elf (3/3) Orc:2        Vaults (5/5) D:14
  Crypt (0/3) Vaults:2     Depths (5/5) D:15            Zot (5/5) Depths:5
  Sewer (visited)          Bailey (visited)           IceCv (visited)
Gauntlet (visited)

Altars:
Ashenzari
Cheibriados
Dithmenos
Elyvilon
Fedhas
Gozag
Hepliaklqana
Kikubaaqudgha
Makhleb
Nemelex Xobeh
Okawaru
Qazlal
Ru
Sif Muna
Trog
Uskayaw
Vehumet
Wu Jian
Xom
Yredelemnul
Zin
The Shining One
Beogh

Shops:
D:4 [   D:15 [   Orc:2 ([(*   Elf:3 =::?   Vaults:1 (   Vaults:2 [   Vaults:4 *
Vaults:5 :[!!!?[   Zot:3 *   Depths:1 [   Depths:3 =(!*   Depths:4 *(?=[

Portals:
Hell: Depths:1 Depths:2 Depths:3 Depths:4 Depths:5
Abyss: Depths:4
Pandemonium: Depths:3 Depths:4
Ziggurat: Depths:4

Annotations:
Elf:2 3 runed translucent doors


Innate Abilities, Weirdness & Mutations

You are completely covered in rugged brown scales. (AC +3, +7% HP)
You have supernaturally acute eyesight. (SInv)
Armour fits poorly on your strangely shaped body.
You can roll at foes to attack.
You have a long armoured tail.
You curl defensively after being hit.
You have very sharp teeth.
You have a pair of small horns on your head.
Your tail ends in a poisonous barb.
You have razor-sharp toenails.
You are partially covered in iridescent scales. (AC +2)
You have a somewhat thin skeletal structure. (Dex +2, Stealth+)
You are very agile. (Dex +4)
Your flesh is cold resistant. (rC+)
You have an increased reservoir of magic. (+10% MP)
You are highly strong-willed. (Will++)
Your system is resistant to poisons. (rPois)
Your natural rate of healing is unusually fast.
You are covered in fur. (AC +1)
Your muscles are very strong. (Str +4)
Your spells are a little harder to cast, but a little more powerful.
You evolve.
Your movements are slightly less encumbered by armour. (ER -2)


Message History

There is an open door here.
Xom's power touches on you for a moment.
You feel dopey.
An Executioner comes into view.
The Executioner gestures.
The Executioner seems to speed up.
The Executioner hits you but does no damage.
You block the Executioner's attack. The Executioner closely misses you.
You slice the Executioner!!
You headbutt the Executioner, but do no damage.
Your tail-slap misses the Executioner.
You bite the Executioner.
The Executioner is moderately wounded.
The Executioner hits you!
The Executioner hits you but does no damage.
The Executioner barely misses you. The Executioner hits you!
The Executioner hits you but does no damage.
You block the Executioner's attack.
You slice the Executioner!! You headbutt the Executioner!
Your tail-slap misses the Executioner.
You bite the Executioner, but do no damage.
The Executioner is almost dead.
The Executioner hits you but does no damage.
You block the Executioner's attack. x2; The Executioner misses you.
The Executioner hits you but does no damage. x2
You hit the Executioner. Your headbutt misses the Executioner.
You tail-slap the Executioner. You bite the Executioner.
You kill the Executioner!
Blink to where?
Press: ? - help, Dir - move target
As you read the scroll of blinking, it crumbles to dust.
Blink to where?
Press: ? - help, Dir - move target
As you read the scroll of blinking, it crumbles to dust.
Blink to where?
Press: ? - help, Dir - move target
As you read the scroll of blinking, it crumbles to dust.
Blink to where?
Press: ? - help, Dir - move target
As you read the scroll of blinking, it crumbles to dust.
You have escaped!

.# #.# .# ###.##### .#
#.......###########
.###...#####.........#
.##.....# #...⌠.⌠...#
.......## #.........#
......## #.8.....8.#
#####.# #.........#
#.# #....@....# ##'##
#.........# ##...##
#.8.....8.# ##.....##
#...⌠.⌠...#
##.......###.........#
#.........##..#####..#
'.........+#..#≈≈≈#..#
#.........##..#≈≈≈#..#
##.......###..#≈≈≈#..#


There were no monsters in sight!

Vanquished Creatures
  2 ancient liches
  3 orbs of fire (Zot:5)
  Mara (Vaults:2)
  2 juggernauts
  A shard shrike (Slime:5)
  6 Killer Klowns
  Bai Suzhen (Elf:3)
  A curse toe (Zot:5)
  12 golden dragons
  3 caustic shrikes
  A profane servitor (Abyss:1)
  The ghost of Plog the Warrior, an adept DgCj (Depths:2)
  Nikola (Snake:1)
  2 bone dragons
  5 electric golems
  15 tentacled monstrosities
  Rupert (Lair:3)
  A hellephant (Abyss:3)
  26 Orb Guardians
  5 liches
  2 deep elf blademasters (Elf:3)
  6 titans
  A deep elf master archer (Elf:3)
  8 quicksilver dragons
  3 Executioners
  5 sphinxes
  8 death cobs
  4 tentacled starspawn
  Gastronok (D:12)
  13 acid blobs
  20 storm dragons
  2 thorn hunters (Swamp:4)
  8 tengu reavers
  Donald (Elf:3)
  9 shadow dragons
  12 draconian monks
  6 rockslimes
  11 azure jellies
  2 fenstrider witches (Swamp:3)
  14 fire giants
  8 nagarajas
  12 frost giants
  10 draconian knights
  7 draconian scorchers
  8 deep elf sorcerers
  2 iron dragons (Vaults:5)
  2 orc warlords
  11 vault wardens
  Louise (D:14)
  4 cacodemons
  6 draconian shifters
  8 draconian stormcallers
  3 balrugs
  2 ghost moths (Zot:1)
  7 deep elf elementalists (Elf:3)
  2 spriggan defenders
  14 ironbound preservers
  Aizul (Snake:4)
  12 draconian annihilators
  4 war gargoyles
  A reaper (Abyss:5)
  8 quicksilver oozes
  21 stone giants
  A quicksilver ooze (shapeshifter) (Depths:4)
  4 hydra skeletons (Swamp:4)
  13 starcursed masses
  4 vampire knights
  17 very ugly things
  15 black draconians
  6 deep elf demonologists
  A caustic shrike skeleton (Depths:4)
  19 red draconians
  5 spark wasps
  2 entropy weavers (Vaults:2)
  11 white draconians
  6 bunyips
  13 deep elf annihilators
  19 purple draconians
  17 green draconians
  14 yellow draconians
  A dire elephant (Vaults:2)
  A lorocyproca (Depths:1)
  A minotaur (Gauntlet)
  3 shambling mangroves (Swamp:4)
  A blizzard demon (Abyss:3)
  4 crystal guardians
  6 deep elf death magi
  11 ettins
  7 fire dragons
  3 eleionomae (Swamp:4)
  7 deep elf high priests
  2 salamander tyrants
  A great orb of eyes (shapeshifter) (Vaults:5)
  18 great orbs of eyes
  10 yaktaur captains
  42 vault guards
  6 ice dragons
  Erolcha (D:12)
  13 rakshasas
  18 naga warriors
  A ghost crab (Swamp:4)
  15 hydras
  A catoblepas (shapeshifter) (Vaults:5)
  3 boulder beetles
  4 ironbound thunderhulks
  2 ogre magi (D:15)
  9 ironbound frosthearts
  4 peacekeepers
  31 centaur warriors
  A catoblepas (Lair:2)
  3 spriggan air magi
  4 death knights
  10 anacondas
  15 two-headed ogres
  10 dancing weapons
  3 death yaks (Lair:4)
  6 alligators
  4 tengu warriors
  2 vampire magi
  12 deep troll shamans
  8 deep troll earth magi
  8 spriggan berserkers
  4 thrashing horrors
  6 hell knights
  5 ironbound beastmasters
  3 orc high priests
  5 shock serpents
  4 soul eaters
  11 naga sharpshooters
  A titan skeleton (Depths:3)
  Sonja (Lair:3)
  2 storm dragon zombies
  A wretched star (Abyss:3)
  2 sun demons
  6 deep elf knights
  5 sixfirhies
  5 iron trolls
  5 goliath frogs
  A sea snake (shapeshifter) (D:15)
  A sea snake (Snake:1)
  4 salamander mystics
  A spatial maelstrom (Abyss:3)
  8 spriggan druids
  A death drake (shapeshifter) (Vaults:3)
  50 deep trolls
  A deep troll (shapeshifter) (Snake:2)
  9 naga ritualists
  A lindwurm (shapeshifter) (Depths:2)
  8 glowing orange brains
  8 skeletal warriors
  A golden dragon skeleton (Depths:3)
  2 orange crystal statues
  9 swamp dragons
  A tengu zombie (Depths:4)
  12 orc knights
  3 flayed ghosts
  3 bog bodies
  15 deep elf archers
  3 spectral hydras (Swamp:4)
  11 ironbound convokers
  8 wizards
  Pikel (D:7)
  12 lindwurms
  An orb spider (shapeshifter) (Depths:4)
  9 phantasmal warriors
  5 necromancers
  4 harpies (Vaults:2)
  20 deep elf zephyrmancers
  29 deep elf pyromancers
  3 orc sorcerers
  A sphinx skeleton (Depths:4)
  A manticore (shapeshifter) (Vaults:2)
  A faun (Vaults:3)
  A frost giant zombie (Depths:3)
  18 mana vipers
  3 cyclopes
  A mana viper (shapeshifter) (Vaults:5)
  54 ugly things
  A salamander (shapeshifter) (D:14)
  2 manticores (D:13)
  2 wolf spiders (Lair:6)
  3 cyclopes (shapeshifter)
  5 oklob plants
  2 worldbinders
  14 salamanders
  5 shining eyes
  A moth of wrath (shapeshifter) (Vaults:2)
  35 moths of wrath
  6 centaur zombies
  10 elephants
  3 will-o-the-wisps
  Maurice (Orc:2)
  A stone giant skeleton (Vaults:3)
  18 naga magi
  A toenail golem (Abyss:1)
  46 large abominations
  4 eyes of devastation
  4 orange demons
  2 ice statues (D:14)
  19 vault sentinels
  7 smoke demons
  A spriggan zombie (Depths:3)
  18 cane toads
  37 black mambas
  6 guardian serpents
  A komodo dragon (shapeshifter) (Vaults:5)
  2 hellions
  10 komodo dragons
  9 freezing wraiths
  2 efreet
  20 yaktaurs
  2 kobold demonologists (D:11)
  2 hydra zombies (Swamp:4)
  4 ancient zymes
  5 rime drakes
  2 ice devils
  A golden dragon simulacrum (IceCv)
  3 tengu conjurers
  2 red devils (D:1)
  8 trolls
  3 meliai (D:14)
  A polar bear (Lair:3)
  A bloated husk (Swamp:3)
  6 hellwings
  2 queen bees (shapeshifter)
  A jumping spider (Vaults:2)
  138 slime creatures
  2 death drake zombies (Swamp:4)
  A blink frog (shapeshifter) (Snake:4)
  5 tyrant leeches
  17 hornets
  4 blink frogs (Abyss:4)
  A slime creature (shapeshifter) (Depths:3)
  2 dream sheep (shapeshifter)
  A frost giant simulacrum (Abyss:3)
  9 raiju
  2 centaur simulacra (Gauntlet)
  4 redbacks
  7 wraiths
  2 dire elephant simulacra (IceCv)
  An air elemental (Elf:1)
  9 flying skulls
  2 shadows (D:11)
  13 wyverns
  2 vampires
  A redback (shapeshifter) (Depths:5)
  An elf zombie (Vaults:3)
  A tarantella (Vaults:2)
  2 water elementals (Elf:3)
  47 yaks
  A fire bat (Abyss:1)
  16 spriggans
  8 fire elementals
  9 basilisks
  3 neqoxecs
  2 yaks (shapeshifter)
  3 golden eyes (Abyss:4)
  3 chaos spawn
  2 wargs
  7 spatial vortices (Abyss:3)
  9 vampire mosquitoes
  13 swamp worms
  A harpy simulacrum (IceCv)
  62 nagas
  A human zombie (Vaults:3)
  2 acid dragons
  2 hydra simulacra
  33 water moccasins
  2 swamp drakes (Swamp:4)
  30 small abominations
  3 floating eyes
  67 orc warriors
  A hornet zombie (D:7)
  2 black bears
  2 sky beasts (D:6)
  2 swamp dragon zombies (Swamp:4)
  An alligator simulacrum (IceCv)
  A necrophage (D:5)
  12 wolves
  12 ogres
  7 centaurs
  A swamp dragon skeleton (Swamp:4)
  5 kobold brigands
  3 lemures (D:7)
  2 bullfrogs
  7 earth elementals
  A gnoll sergeant (D:10)
  2 scorpions
  A water moccasin zombie (D:5)
  2 wyvern skeletons (D:7)
  A water moccasin skeleton (D:4)
  3 wights (D:9)
  9 killer bees
  7 electric eels (Snake:1)
  5 howler monkeys
  A crimson imp (D:5)
  6 jellies
  3 bullfrog skeletons
  33 orc priests
  A wyvern simulacrum (Gauntlet)
  A centaur skeleton (D:6)
  4 hounds
  An iron imp (Abyss:3)
  2 gnoll shamans
  5 iguanas
  31 orc wizards
  A killer bee zombie (D:9)
  11 adders
  17 gnolls
  A howler monkey skeleton (D:4)
  A shadow imp (D:7)
  4 ufetubi
  An adder skeleton (D:4)
  5 worms
  3 dart slugs
  132 orcs
  9 endoplasms
  7 giant cockroaches
  12 goblins
  11 hobgoblins
  19 jackals
  13 kobolds
  11 quokkas
  6 ball pythons
  15 bats
  A frilled lizard (Sewer)
  8 rats
  A rat (shapeshifter) (Vaults:5)
  A lurking horror (Abyss:3)
  5 starspawn tentacles
2616 creatures vanquished.

Vanquished Creatures (collateral kills)
  A golden dragon (Zot:4)
  A nagaraja (Snake:4)
  A vampire knight (Swamp:4)
  A white draconian (Zot:1)
  A fire dragon (Depths:4)
  2 death yaks (Lair:4)
  A naga sharpshooter (Snake:4)
  An orc knight (Bailey)
  2 moths of wrath (Zot:1)
  A black mamba (Snake:4)
  4 nagas (Snake:4)
  A hydra simulacrum (Swamp:4)
  2 orc warriors (Orc:2)
  An ogre (Orc:2)
  A phantom (D:4)
  A centaur skeleton (D:4)
  3 orcs (Orc:2)
  An endoplasm (D:4)
  A goblin (D:4)
  2 jackals (D:4)
  A ball python (D:4)
  A kobold (D:4)
31 creatures vanquished.

Vanquished Creatures (others)
  A lich (Vaults:5)
  A death cob (Zot:5)
  A fire giant (Depths:5)
  A draconian knight (Zot:3)
  A draconian stormcaller (Zot:4)
  A green draconian (Zot:5)
  2 dancing weapons (Snake:4)
  A spriggan berserker (Depths:5)
  A wyvern (D:10)
  A vampire mosquito (D:11)
  A hydra simulacrum (Swamp:4)
  2 alligator simulacra (IceCv)
  2 small abominations
  An ogre (D:4)
  A bush (Elf:3)
  6 foxfires
  38 fungi
  121 plants
  7 starspawn tentacles
  4 tentacles (Abyss:3)
194 creatures vanquished.

Grand Total: 2841 creatures vanquished

Notes
Turn   | Place    | Note
-------+----------+-------------------------------------------
     0 | D:1      | jt the Palentonga Chaos Knight began the quest for the Orb.
     0 | D:1      | Reached XP level 1. HP: 19/19 MP: 1/1
     1 | D:1      | Noticed an electric eel
     9 | D:1      | XOM: divination: detect creatures
    41 | D:1      | Reached XP level 2. HP: 25/25 MP: 2/2
   177 | D:1      | XOM: potion effect (invisibility)
   356 | D:1      | Reached XP level 3. HP: 31/31 MP: 3/3
   680 | D:1      | XOM: give mutations
   680 | D:1      | Gained mutation: Your spells are a little harder to cast,
                  | but a little more powerful. [Xom's grace]
   680 | D:1      | Gained mutation: You possess an exceptional clarity of
                  | mind. [Xom's grace]
   680 | D:1      | Gained mutation: You are robust. (+10% HP) [Xom's grace]
   680 | D:1      | Gained mutation: You are partially covered in large bone
                  | plates. (SH +4) [Xom's grace]
   684 | D:1      | XOM: cloud trail
   727 | D:1      | XOM is BORED!
   727 | D:1      | XOM: give mutations
   727 | D:1      | Gained mutation: You are somewhat resistant to further
                  | mutation. [Xom's mischief]
   727 | D:1      | Lost mutation: Your spells are a little harder to cast, but
                  | a little more powerful. [Xom's mischief]
   727 | D:1      | Lost mutation: You are robust. (+10% HP) [Xom's mischief]
   727 | D:1      | Gained mutation: You are weak. (Str -2) [Xom's mischief]
  1169 | D:2      | XOM: god gift: 4 datura-tipped darts
  1623 | D:2      | Reached skill level 5 in Axes
  1623 | D:2      | Reached XP level 4. HP: 37/37 MP: 4/4
  1638 | D:2      | Found an iron altar of Okawaru.
  1638 | D:2      | XOM: 5-stop teleportation journey
  1931 | D:2      | XOM: summons 2 hostile shadow creatures
  1946 | D:2      | XOM: summons 2 hostile shadow creatures
  2026 | D:1      | XOM: give mutation
  2026 | D:1      | Lost mutation: You are weak. (Str -2) [Xom's mischief]
  2116 | D:1      | XOM: give mutations
  2116 | D:1      | Lost mutation: You possess an exceptional clarity of mind.
                  | [Xom's mischief]
  2116 | D:1      | Gained mutation: You are frail. (-10% HP) [Xom's mischief]
  2463 | D:2      | XOM: torment (18/33 hp)
  2771 | D:3      | XOM: polymorph jackal -> giant cockroach
  2853 | D:3      | Noticed a scorpion
  2861 | D:3      | Killed a scorpion
  2862 | D:3      | Reached XP level 5. HP: 30/39 MP: 5/5
  2900 | D:3      | XOM: summons 3 hostile demons
  2954 | D:3      | XOM: draining
  2971 | D:3      | XOM: give mutations
  2971 | D:3      | Gained mutation: You are mostly covered in large bone
                  | plates. (SH +6) [Xom's grace]
  2971 | D:3      | Gained mutation: You are somewhat resistant to both further
                  | mutation and mutation removal. [Xom's grace]
  2971 | D:3      | Gained mutation: You are agile. (Dex +2) [Xom's grace]
  2971 | D:3      | Gained mutation: You are partially covered in iridescent
                  | scales. (AC +2) [Xom's grace]
  3288 | D:3      | XOM: give mutations
  3288 | D:3      | Gained mutation: Your flesh is cold resistant. (rC+) [Xom's
                  | grace]
  3288 | D:3      | Gained mutation: You are almost entirely resistant to
                  | further mutation and mutation removal. [Xom's grace]
  3288 | D:3      | Gained mutation: You can roll at foes to attack. [Xom's
                  | grace]
  3388 | D:3      | XOM: scenery: create altars
  3495 | D:3      | XOM: give mutations
  3495 | D:3      | Gained mutation: You are covered in fur. (AC +1) [Xom's
                  | grace]
  3495 | D:3      | Gained mutation: You are mostly covered in iridescent
                  | scales. (AC +4) [Xom's grace]
  3495 | D:3      | Gained mutation: Your tail ends in a poisonous barb. [Xom's
                  | grace]
  3495 | D:3      | Gained mutation: You are completely covered in iridescent
                  | scales. (AC +6) [Xom's grace]
  3545 | D:3      | XOM: scenery: 1 doors close
  3714 | D:3      | Found a faded altar of an unknown god.
  3870 | D:3      | Reached XP level 6. HP: 40/43 MP: 6/6
  3955 | D:3      | XOM: scenery: create altars
  4029 | D:3      | XOM: give mutations
  4029 | D:3      | Gained mutation: You have sharp fingernails. [Xom's grace]
  4029 | D:3      | Lost mutation: You are almost entirely resistant to further
                  | mutation and mutation removal. [Xom's grace]
  4029 | D:3      | Lost mutation: You are somewhat resistant to both further
                  | mutation and mutation removal. [Xom's grace]
  4029 | D:3      | Lost mutation: You are somewhat resistant to further
                  | mutation. [Xom's grace]
  4029 | D:3      | Gained mutation: You evolve. [Xom's grace]
  4029 | D:3      | Gained mutation: Your flesh is heat resistant. (rF+) [Xom's
                  | grace]
  4029 | D:3      | Gained mutation: You passively dampen the noise of your
                  | surroundings. [Xom's grace]
  4146 | D:3      | XOM: give mutations
  4146 | D:3      | Gained mutation: You have a pair of small antennae on your
                  | head. [Xom's grace]
  4146 | D:3      | Gained mutation: You possess an exceptional clarity of
                  | mind. [Xom's grace]
  4414 | D:4      | Found a stormy altar of Qazlal.
  4441 | D:3      | XOM: god gift: tower shield {god gift}
  4493 | D:4      | XOM: give mutations
  4493 | D:4      | Gained mutation: You expend magic power (3 MP) to
                  | strengthen your wands. [Xom's grace]
  4493 | D:4      | Gained mutation: You can roll a great distance at foes to
                  | attack. [Xom's grace]
  4502 | D:4      | Reached skill level 1 in Shields
  4575 | D:4      | Gained mutation: You curl defensively after being hit.
                  | [Palentonga growth]
  4575 | D:4      | Reached XP level 7. HP: 32/50 MP: 7/7
  4757 | D:4      | XOM: divination: detect items
  5125 | D:4      | Found Dooder's Antique Armour Emporium.
  5244 | D:5      | Entered Level 5 of the Dungeon
  5338 | D:5      | Found the ring of the Mage {Wiz Will++ Int+3}
  5502 | D:5      | XOM: polymorph shadow imp -> crimson imp
  5557 | D:5      | Noticed a yak
  5564 | D:5      | XOM: 3-stop teleportation journey
  5581 | D:5      | XOM: summons 4 hostile demons
  5730 | D:6      | Identified a scroll of acquirement
  5730 | D:6      | Acquired a +5 broad axe of electrocution
  5772 | D:6      | Found a basalt altar of Yredelemnul.
  5873 | D:6      | Found a shadowy altar of Dithmenos.
  5900 | D:6      | XOM: cloud trail
  5917 | D:6      | Found a glowing drain.
  5930 | Sewer    | Entered a sewer
  5965 | Sewer    | XOM: god gift: fustibalus {god gift}
  6384 | Sewer    | XOM: cloud trail
  6553 | D:6      | XOM: scenery: create altars
  6560 | D:6      | Reached XP level 8. HP: 50/56 MP: 8/8
  6689 | D:5      | Reached skill level 5 in Shields
  6783 | D:4      | Bought a faintly humming ring mail for 243 gold pieces
  6783 | D:4      | Identified the +5 ring mail "Oxked" {Rampage Dex+5 Slay+4
                  | Stlth-} (You bought it in a shop on level 4 of the Dungeon)
  6783 | D:4      | XOM: cloud trail
  6991 | D:5      | Found a staircase to the Ecumenical Temple.
  7026 | Temple   | Entered the Ecumenical Temple
  7204 | D:5      | XOM: summons friendly shadow imp
  7403 | D:6      | XOM: 3-stop teleportation journey
  7821 | D:6      | Reached XP level 9. HP: 61/61 MP: 9/9
  7913 | D:6      | Acquired a manual of Shields
  7999 | D:6      | XOM: give mutation
  7999 | D:6      | Gained mutation: You have large cloven feet. [Xom's grace]
  8069 | D:6      | XOM: cloud trail
  8283 | D:7      | Found an iron altar of Okawaru.
  8396 | D:7      | Found an ancient bone altar of Kikubaaqudgha.
  8396 | D:7      | Found a blossoming altar of Fedhas.
  8434 | D:7      | Found Zin's Purification Station.
  8437 | D:7      | Found a glowing silver altar of Zin.
  8442 | D:7      | Bought a potion of curing for 90 gold pieces
  8493 | D:7      | Noticed Pikel
  8494 | D:7      | XOM: scenery: create altars
  8495 | D:7      | Killed Pikel
  8604 | D:7      | XOM: give mutations
  8604 | D:7      | Lost mutation: You are frail. (-10% HP) [Xom's grace]
  8604 | D:7      | Lost mutation: You evolve. [Xom's grace]
  8604 | D:7      | Gained mutation: You are somewhat resistant to further
                  | mutation. [Xom's grace]
  8604 | D:7      | Gained mutation: You are robust. (+10% HP) [Xom's grace]
  9101 | D:8      | XOM is BORED!
  9101 | D:8      | XOM: give mutations
  9101 | D:8      | Lost mutation: You are robust. (+10% HP) [Xom's mischief]
  9101 | D:8      | Lost mutation: You are somewhat resistant to further
                  | mutation. [Xom's mischief]
  9172 | D:8      | Reached skill level 10 in Axes
  9249 | D:8      | Reached skill level 10 in Shields
  9441 | D:8      | XOM: 2-stop teleportation journey
  9819 | D:8      | XOM: give mutations
  9819 | D:8      | Lost mutation: You have a pair of small antennae on your
                  | head. [Xom's mischief]
  9819 | D:8      | Lost mutation: Your tail ends in a poisonous barb. [Xom's
                  | mischief]
 10212 | D:9      | Found a sparkling altar of Nemelex Xobeh.
 10213 | D:9      | Found an opulent altar of Gozag.
 10219 | D:9      | XOM: give mutations
 10219 | D:9      | Gained mutation: You are strong-willed. (Will+) [Xom's
                  | grace]
 10219 | D:9      | Gained mutation: Your mind is acute. (Int +2) [Xom's grace]
 10219 | D:9      | Gained mutation: Your spells are a little harder to cast,
                  | but a little more powerful. [Xom's grace]
 10288 | D:9      | Reached XP level 10. HP: 64/74 MP: 10/10
 10944 | D:10     | Entered Level 10 of the Dungeon
 10944 | D:10     | Found a runed translucent door.
 11056 | D:10     | Identified the +7 ring mail of Diol {rN+ Str-2 Stlth+}
 11069 | D:10     | XOM: divine lightning
 11077 | D:10     | Found a runed translucent door.
 11103 | D:10     | Found a runed translucent door.
 11115 | D:10     | Found a runed translucent door.
 11116 | D:10     | Noticed a two-headed ogre
 11159 | D:10     | XOM: god gift: wand of digging (5)
 11574 | D:10     | Acquired a +2 pair of gloves of dexterity
 11708 | D:10     | XOM: give mutations
 11708 | D:10     | Gained mutation: You are highly strong-willed. (Will++)
                  | [Xom's grace]
 11708 | D:10     | Gained mutation: You evolve. [Xom's grace]
 11802 | D:11     | XOM: destruction
 11876 | D:11     | Noticed an oklob plant
 11883 | D:11     | Noticed a cyclops
 11890 | D:11     | Killed a cyclops
 11891 | D:11     | Reached skill level 1 in Evocations
 11969 | D:11     | Noticed a death knight
 11973 | D:11     | Killed a death knight
 11995 | D:11     | Found a staircase to the Lair.
 11999 | D:11     | Noticed an oklob plant
 11999 | D:11     | XOM: cast spell 'Necromutation'
 12003 | D:11     | XOM: fake destruction
 12006 | D:11     | XOM: divination: magic mapping
 12060 | D:11     | Reached XP level 11. HP: 79/80 MP: 11/11
 12064 | D:11     | XOM: divine lightning
 12155 | D:11     | XOM: god gift: glowing broad axe {god gift}
 12277 | D:11     | XOM: scenery: create altars
 12300 | D:11     | XOM: god gift: amulet of faith
 12313 | D:11     | XOM: god gift: 13 stones
 12404 | D:11     | XOM: god gift: 60 gold pieces
 12576 | D:11     | Killed an oklob plant
 12590 | D:11     | Killed an oklob plant
 12637 | Lair:1   | Entered Level 1 of the Lair of Beasts
 12649 | Lair:1   | XOM: 1-stop teleportation journey
 12738 | Lair:1   | XOM: chaos cloud
 13293 | Lair:2   | Noticed a catoblepas
 13297 | Lair:2   | XOM: scenery: create altars
 13308 | Lair:2   | Killed a catoblepas
 13309 | Lair:2   | Reached skill level 5 in Evocations
 13378 | Lair:1   | XOM is BORED!
 13378 | Lair:1   | XOM: noise
 13458 | Lair:2   | Found a staircase to the Snake Pit.
 13526 | Lair:2   | XOM: fog
 13529 | Lair:2   | Reached XP level 12. HP: 86/86 MP: 12/12
 13559 | Lair:2   | XOM: enchant monster (bad)
 13693 | Lair:2   | XOM: give mutations
 13693 | Lair:2   | Lost mutation: You expend magic power (3 MP) to strengthen
                  | your wands. [Xom's mischief]
 13693 | Lair:2   | Lost mutation: You are agile. (Dex +2) [Xom's mischief]
 13693 | Lair:2   | Lost mutation: You are completely covered in iridescent
                  | scales. (AC +6) [Xom's mischief]
 13736 | Lair:2   | XOM: 2-stop teleportation journey
 13738 | Lair:2   | Identified the +7 hunting sling of the Land of Plenty
                  | {venom, +Blink Dex+3}
 13739 | Lair:2   | XOM: summons 4 hostile shadow creatures
 13740 | Lair:2   | Noticed a five-headed hydra
 13871 | Lair:2   | Lost mutation: Your spells are a little harder to cast, but
                  | a little more powerful. [evolution]
 14132 | Lair:2   | XOM is BORED!
 14132 | Lair:2   | XOM: stat loss: -2 Str (18/20)
 14293 | Lair:3   | Noticed a five-headed hydra
 14301 | Lair:3   | Killed a five-headed hydra
 14414 | Lair:3   | XOM: 1-stop teleportation journey
 14508 | Lair:3   | Identified the +5 rapier "Jellybane" {vorpal, rF+ rCorr
                  | Int+5 Dex-4}
 14536 | Lair:3   | Noticed Sonja
 14596 | Lair:3   | Killed Sonja
 14597 | Lair:3   | Reached skill level 15 in Shields
 14615 | Lair:3   | Noticed a six-headed hydra
 14616 | Lair:3   | XOM: enchant monster (bad)
 14621 | Lair:3   | Killed a six-headed hydra
 14640 | Lair:3   | Found a gate leading to a gauntlet.
 14648 | Lair:3   | XOM: enchant monster (bad)
 14662 | Lair:3   | XOM: potion effect (haste)
 14681 | Gauntlet | Entered a Gauntlet
 14681 | Gauntlet | Found a transporter.
 14681 | Gauntlet | Found a runed translucent door.
 14681 | Gauntlet | Found a transporter.
 14720 | Gauntlet | Noticed a tengu warrior
 14752 | Gauntlet | Found a runed translucent door.
 14753 | Gauntlet | Found a runed translucent door.
 14764 | Gauntlet | Found a transporter.
 14768 | Gauntlet | Found a transporter.
 14780 | Gauntlet | Found a transporter.
 14784 | Gauntlet | Found a transporter.
 14796 | Gauntlet | Found a transporter.
 14809 | Gauntlet | Noticed a blizzard demon
 14811 | Gauntlet | Found a runed translucent door.
 14812 | Gauntlet | Found a transporter.
 14813 | Gauntlet | Found a runed translucent door.
 14826 | Gauntlet | Found a transporter.
 14830 | Gauntlet | Found a transporter.
 14842 | Gauntlet | Found a transporter.
 14846 | Gauntlet | Found a transporter.
 15047 | Gauntlet | XOM: give mutation
 15047 | Gauntlet | Lost mutation: You are mostly covered in iridescent scales.
                  | (AC +4) [Xom's mischief]
 15096 | Gauntlet | Noticed a minotaur
 15102 | Gauntlet | Killed a minotaur
 15111 | Gauntlet | Identified the ring of Xisueble {rC+ rN+}
 15281 | Lair:3   | Noticed Rupert
 15291 | Lair:3   | Killed Rupert
 15292 | Lair:3   | Reached XP level 13. HP: 92/92 MP: 13/13
 15319 | Lair:3   | XOM: give mutations
 15319 | Lair:3   | Lost mutation: You have large cloven feet. [Xom's mischief]
 15319 | Lair:3   | Lost mutation: You possess an exceptional clarity of mind.
                  | [Xom's mischief]
 15344 | Lair:3   | XOM: polymorph elephant -> eye of devastation
 15349 | Lair:3   | Reached skill level 15 in Axes
 15913 | Lair:3   | XOM: god gift: shiny plate armour {god gift}
 15921 | Lair:3   | XOM: cloud trail
 16124 | Lair:4   | XOM: summons 7 friendly demons
 16285 | Lair:4   | XOM: god gift: ring of protection from fire
 16288 | Lair:4   | XOM: scenery: 1 doors open
 16352 | Lair:4   | XOM: draining
 16356 | Lair:4   | Learned a level 2 spell: Poisonous Vapours
 16424 | Lair:4   | XOM: give mutations
 16424 | Lair:4   | Lost mutation: You can roll a great distance at foes to
                  | attack. [Xom's mischief]
 16424 | Lair:4   | Lost mutation: You are partially covered in iridescent
                  | scales. (AC +2) [Xom's mischief]
 16574 | Lair:4   | XOM: silly message
 16716 | Lair:4   | Found a staircase to the Swamp.
 16716 | Lair:4   | XOM: noise
 16801 | Lair:4   | XOM: give mutations
 16801 | Lair:4   | Lost mutation: You can roll at foes to attack. [Xom's
                  | mischief]
 16801 | Lair:4   | Lost mutation: You are highly strong-willed. (Will++)
                  | [Xom's mischief]
 16936 | Lair:4   | XOM: summons 7 hostile demons
 17016 | Lair:3   | XOM: draining
 17028 | Lair:3   | XOM: give mutations
 17028 | Lair:3   | Gained mutation: You are frail. (-10% HP) [Xom's mischief]
 17028 | Lair:3   | Lost mutation: You are strong-willed. (Will+) [Xom's
                  | mischief]
 17337 | Lair:5   | XOM: chaos cloud
 17470 | Lair:5   | XOM: destruction
 17597 | Lair:5   | Found a staircase to the Slime Pits.
 17668 | Lair:5   | Found a shadowy altar of Dithmenos.
 18291 | Lair:5   | XOM is BORED!
 18522 | Lair:6   | Entered Level 6 of the Lair of Beasts
 18582 | Lair:6   | XOM: enchant monster (bad)
 18665 | Lair:5   | XOM: god gift: 840 gold pieces
 18863 | Lair:6   | XOM: divination: detect items
 18865 | Lair:6   | XOM: give mutations
 18865 | Lair:6   | Gained mutation: You have sharp toenails. [Xom's grace]
 18865 | Lair:6   | Gained mutation: Your natural rate of healing is unusually
                  | fast. [Xom's grace]
 18922 | Lair:6   | XOM: silly message
 18943 | Lair:6   | Found a stormy altar of Qazlal.
 18946 | Lair:6   | XOM: polymorph seven-headed hydra -> goliath frog
 18948 | Lair:6   | XOM: cleaving
 18991 | Lair:6   | Reached XP level 14. HP: 90/90 MP: 14/14
 19041 | Lair:6   | XOM: cleaving
 19057 | Lair:6   | XOM: divination: detect items
 19058 | Lair:6   | XOM: destruction
 19089 | Lair:6   | XOM: enchant monster (good)
 19247 | Lair:6   | XOM: divination: detect creatures
 19319 | Lair:6   | XOM: cloud trail
 19464 | Lair:6   | XOM: potion effect (haste)
 19522 | Lair:6   | XOM: divination: detect creatures
 19548 | Lair:6   | Reached skill level 4 in Fighting
 19552 | Lair:6   | XOM: destruction
 19953 | D:12     | Noticed Gastronok
 19957 | D:12     | XOM: confuse monster(s)
 19965 | D:12     | Killed Gastronok
 19976 | D:12     | Noticed Erolcha
 19989 | D:12     | Killed Erolcha
 20040 | D:12     | XOM: polymorph orc wizard -> jelly
 20043 | D:12     | Found a staircase to the Orcish Mines.
 20054 | D:12     | Reached skill level 5 in Fighting
 20058 | D:12     | XOM: fake destruction
 20204 | D:12     | Lost mutation: You are frail. (-10% HP) [evolution]
 20322 | D:12     | XOM: silly message
 20875 | D:12     | XOM: give mutations
 20875 | D:12     | Gained mutation: You have very sharp teeth. [Xom's grace]
 20875 | D:12     | Gained mutation: You can roll at foes to attack. [Xom's
                  | grace]
 20875 | D:12     | Gained mutation: You have a pair of small horns on your
                  | head. [Xom's grace]
 20975 | Lair:3   | XOM: cloud trail
 21085 | D:10     | XOM: give mutations
 21085 | D:10     | Gained mutation: You are agile. (Dex +2) [Xom's grace]
 21085 | D:10     | Gained mutation: Your skin changes colour to match your
                  | surroundings (Stealth+). [Xom's grace]
 21104 | D:10     | XOM: summons friendly crimson imp
 21238 | Orc:1    | Entered Level 1 of the Orcish Mines
 21255 | Orc:1    | Noticed an orc warlord
 21263 | Orc:1    | XOM: enchant monster (good)
 21265 | Orc:1    | Killed an orc warlord
 21332 | Orc:1    | Reached skill level 6 in Fighting
 21464 | Orc:1    | XOM: confuse monster(s)
 21877 | Orc:1    | XOM: cloud trail
 22074 | Orc:2    | Entered Level 2 of the Orcish Mines
 22088 | Orc:2    | Found a staircase to the Elven Halls.
 22095 | Orc:2    | XOM: god gift: 8 boomerangs of dispersal
 22251 | Orc:2    | Found Aduhasse's Assorted Antiques.
 22285 | Orc:2    | Reached skill level 5 in Armour
 22326 | Orc:2    | XOM: 1-stop teleportation journey
 22382 | Orc:2    | Reached XP level 15. HP: 114/114 MP: 15/15
 22410 | Orc:2    | Noticed Maurice
 22416 | Orc:2    | Killed Maurice
 22492 | Orc:2    | Noticed an orc warlord
 22514 | Orc:2    | XOM: scenery: summon butterflies
 22532 | Orc:2    | Killed an orc warlord
 22533 | Orc:2    | Reached skill level 7 in Fighting
 22625 | Orc:2    | XOM is BORED!
 22625 | Orc:2    | XOM: chaos upgrade
 22628 | Orc:2    | Found Daud's Weapon Shoppe.
 22628 | Orc:2    | XOM: polymorph orc wizard -> giant cockroach
 22700 | Orc:2    | Found Hilah's Antique Weapon Emporium.
 22708 | Orc:2    | Found Leuvigua's Antique Armour Shoppe.
 22776 | Orc:2    | XOM: scenery: create altars
 22803 | Orc:2    | Found Hutsuzim's Assorted Antiques.
 22825 | Orc:2    | XOM: give mutations
 22825 | Orc:2    | Lost mutation: You have very sharp teeth. [Xom's grace]
 22825 | Orc:2    | Gained mutation: You have a beak for a mouth. [Xom's grace]
 22825 | Orc:2    | Gained mutation: You are strong-willed. (Will+) [Xom's
                  | grace]
 22925 | Orc:2    | Bought an embroidered cloak for 292 gold pieces
 23068 | Snake:1  | Entered Level 1 of the Snake Pit
 23083 | Snake:1  | Reached skill level 8 in Fighting
 23090 | Snake:1  | XOM: scenery: create altars
 23146 | Snake:1  | Noticed Nikola
 23272 | D:12     | XOM: give mutations
 23272 | D:12     | Gained mutation: You are partially covered in iridescent
                  | scales. (AC +2) [Xom's grace]
 23272 | D:12     | Lost mutation: You have a beak for a mouth. [Xom's grace]
 23272 | D:12     | Gained mutation: You have very sharp teeth. [Xom's grace]
 23317 | Orc:2    | Bought a barding for 897 gold pieces
 23517 | Swamp:1  | Entered Level 1 of the Swamp
 23542 | Swamp:1  | Reached skill level 9 in Fighting
 23582 | Swamp:1  | XOM: 2-stop teleportation journey
 23615 | Swamp:1  | XOM: summons friendly quasit
 23697 | Swamp:1  | Reached skill level 10 in Fighting
 23707 | Swamp:1  | XOM: 2-stop teleportation journey
 23843 | Swamp:2  | XOM: divination: magic mapping
 23942 | Swamp:2  | XOM: silly message
 23947 | Swamp:2  | XOM: divination: detect items
 23956 | Swamp:2  | Reached skill level 11 in Fighting
 24032 | Swamp:2  | XOM: divination: magic mapping
 24199 | Swamp:3  | XOM: silly message
 24249 | Swamp:3  | Reached skill level 12 in Fighting
 24257 | Swamp:3  | XOM: cast spell 'Cause Fear'
 24276 | Swamp:3  | Noticed a fenstrider witch
 24283 | Swamp:3  | Killed a fenstrider witch
 24334 | Swamp:4  | Entered Level 4 of the Swamp
 24335 | Swamp:4  | XOM: summons 8 friendly demons
 24345 | Swamp:3  | XOM: confuse monster(s)
 24366 | Swamp:3  | XOM: silly message
 24430 | Swamp:4  | XOM: summons friendly shadow imp
 24514 | Swamp:4  | Reached XP level 16. HP: 130/138 MP: 16/16
 24544 | Swamp:4  | Reached skill level 13 in Fighting
 24634 | Swamp:4  | XOM: potion effect (curing)
 24719 | Swamp:4  | XOM: 2-stop teleportation journey
 24775 | Swamp:4  | XOM: polymorph swamp dragon -> floating eye
 24945 | Swamp:4  | XOM: confuse monster(s)
 24958 | Swamp:4  | XOM: enchant monster (good)
 25130 | Swamp:4  | XOM: cast spell 'Summon Mana Viper'
 25151 | Swamp:4  | Reached skill level 14 in Fighting
 25229 | Swamp:3  | XOM: cast spell 'Metabolic Englaciation'
 25303 | Swamp:4  | XOM: enchant monster (good)
 25304 | Swamp:4  | Found a basalt altar of Yredelemnul.
 25356 | Swamp:4  | Got a decaying rune of Zot
 25375 | Swamp:4  | Learned a level 2 spell: Blink
 25388 | Swamp:4  | Noticed a thorn hunter
 25389 | Swamp:4  | Found a blossoming altar of Fedhas.
 25389 | Swamp:4  | Noticed a thorn hunter
 25405 | Swamp:4  | Killed a thorn hunter
 25407 | Swamp:4  | XOM: scenery: create altars
 25412 | Swamp:4  | Killed a thorn hunter
 25413 | Swamp:4  | Reached skill level 1 in Spellcasting
 25413 | Swamp:4  | Reached skill level 1 in Translocations
 25485 | Swamp:4  | XOM: summons friendly quasit
 25584 | Swamp:4  | XOM: polymorph quasit -> crimson imp
 26162 | D:13     | XOM: enchant monster (good)
 26261 | D:13     | Noticed a storm dragon
 26262 | D:13     | Found the +2 ratskin cloak {*Rats rPois rN+ Str-1 Int-1
                  | Dex+1}
 26262 | D:13     | Identified the +5 hand crossbow "Iduist" {freeze, rN+}
 26266 | D:13     | Found a runed translucent door.
 26511 | D:13     | XOM: give mutation
 26511 | D:13     | Gained mutation: Your muscles are strong. (Str +2) [Xom's
                  | grace]
 26698 | D:14     | Reached skill level 15 in Fighting
 26811 | D:14     | Found a frozen archway.
 26816 | D:14     | XOM: summons friendly shadow imp
 26830 | IceCv    | Entered an ice cave
 26831 | IceCv    | Found a transporter.
 26833 | IceCv    | XOM: cleaving
 26835 | IceCv    | XOM: destruction
 26847 | IceCv    | Found a transporter.
 26851 | IceCv    | XOM: potion effect (might)
 26870 | IceCv    | Got Zirghoubo's Compendium of Ice
 26917 | D:14     | Noticed Louise
 26923 | D:14     | Found a flagged portal.
 26927 | Bailey   | Entered a bailey
 26967 | Bailey   | XOM: give mutation
 26967 | Bailey   | Lost mutation: You evolve. [Xom's grace]
 26967 | Bailey   | Gained mutation: You are somewhat resistant to further
                  | mutation. [Xom's grace]
 26999 | Bailey   | Reached XP level 17. HP: 154/154 MP: 21/21
 27008 | Bailey   | Reached skill level 16 in Fighting
 27008 | Bailey   | Reached XP level 18. HP: 161/161 MP: 19/24
 27018 | Bailey   | XOM: summons 1 hostile shadow creature
 27020 | Bailey   | XOM: summons 10 hostile demons
 27243 | D:14     | Acquired the amulet "Rothrimi" {Spirit Drain rElec Dex+4}
 27267 | D:14     | Killed Louise
 27347 | D:14     | Found a gate to the Vaults.
 27347 | D:14     | XOM: 3-stop teleportation journey
 27370 | D:14     | XOM: cast spell 'Alistair's Intoxication'
 27377 | D:14     | Reached skill level 5 in Translocations
 27383 | D:14     | Reached XP level 19. HP: 140/167 MP: 24/26
 27485 | D:14     | Reached skill level 5 in Spellcasting
 27574 | D:14     | XOM: give mutations
 27574 | D:14     | Gained mutation: You can roll a great distance at foes to
                  | attack. [Xom's grace]
 27574 | D:14     | Gained mutation: You have razor-sharp toenails. [Xom's
                  | grace]
 27749 | D:14     | XOM: god gift: +1 broad axe of chaos
 28039 | Snake:1  | XOM: enchant monster (good)
 28053 | Snake:1  | XOM: snakes to sticks
 28054 | Snake:1  | XOM: snakes to sticks
 28189 | D:13     | XOM: give mutations
 28189 | D:13     | Gained mutation: Your tail ends in a poisonous barb. [Xom's
                  | grace]
 28189 | D:13     | Gained mutation: Your spells are a little harder to cast,
                  | but a little more powerful. [Xom's grace]
 28189 | D:13     | Gained mutation: You have claws for feet. [Xom's grace]
 28189 | D:13     | Gained mutation: You are mostly covered in iridescent
                  | scales. (AC +4) [Xom's grace]
 28321 | Lair:1   | XOM is BORED!
 28366 | Snake:1  | XOM: scenery: create altars
 28432 | Snake:1  | XOM: polymorph nagaraja -> bunyip
 28447 | Snake:1  | XOM: snakes to sticks
 28510 | Snake:1  | Reached skill level 17 in Fighting
 28713 | Snake:1  | XOM: potion effect (invisibility)
 28753 | Snake:1  | XOM: swap monsters
 28755 | Snake:1  | Killed Nikola
 28864 | Snake:1  | XOM: give mutations
 28864 | Snake:1  | Lost mutation: Your skin changes colour to match your
                  | surroundings (Stealth+). [Xom's mischief]
 28864 | Snake:1  | Lost mutation: You are mostly covered in large bone plates.
                  | (SH +6) [Xom's mischief]
 28864 | Snake:1  | Lost mutation: You can roll a great distance at foes to
                  | attack. [Xom's mischief]
 28864 | Snake:1  | Lost mutation: You can roll at foes to attack. [Xom's
                  | mischief]
 28962 | Snake:1  | XOM: polymorph naga -> acid dragon
 29056 | Snake:1  | XOM: noise
 29280 | Snake:2  | Found a burning altar of Makhleb.
 29288 | Snake:2  | Reached skill level 18 in Fighting
 29289 | Snake:2  | XOM: noise
 29356 | Snake:2  | XOM: scenery: create altars
 29478 | Snake:2  | Identified the +5 hunting sling of Pyromania {venom, +Blink
                  | Str+6}
 29520 | Snake:2  | XOM: cleaving
 29803 | Snake:2  | XOM: summons 7 hostile demons
 30017 | Snake:2  | Acquired the ring "Onewkomi" {rC+ Will+ MP+9}
 30178 | Snake:3  | Reached skill level 19 in Fighting
 30458 | Snake:3  | XOM: cloud trail
 30506 | Snake:3  | XOM: confuse monster(s)
 30590 | Snake:3  | XOM: smoke on damage
 30749 | Snake:3  | XOM: summons friendly iron imp
 30827 | Snake:4  | Entered Level 4 of the Snake Pit
 30835 | Snake:4  | Noticed Aizul
 30837 | Snake:4  | XOM: fake destruction
 30841 | Snake:4  | XOM: 3-stop teleportation journey
 30857 | Snake:4  | Killed Aizul
 30861 | Snake:4  | XOM: enchant monster (good)
 30887 | Snake:4  | XOM: cleaving
 31335 | Snake:4  | Reached XP level 20. HP: 188/188 MP: 27/27
 31554 | Snake:4  | XOM: destruction
 31556 | Snake:4  | Reached skill level 20 in Fighting
 31561 | Snake:4  | XOM: polymorph naga warrior -> shapeshifter
 31638 | Snake:4  | XOM: summons friendly shadow imp
 31697 | Snake:4  | XOM: scenery: 1 doors close
 31859 | Snake:4  | XOM: confuse monster(s)
 31874 | Snake:4  | XOM: cast spell 'Disjunction'
 31929 | Snake:4  | Got a serpentine rune of Zot
 32253 | Vaults:1 | Entered Level 1 of the Vaults
 32264 | Vaults:1 | XOM: enchant monster (good)
 32313 | Vaults:1 | Identified the amulet of Moatarozxa {Harm rPois Will+
                  | Regen+ Int+2} (Xom gifted it to you on level 1 of the
                  | Vaults)
 32313 | Vaults:1 | XOM: god gift: amulet of Moatarozxa {Harm rPois Will+
                  | Regen+ Int+2}
 32327 | Vaults:1 | XOM: give mutation
 32327 | Vaults:1 | Gained mutation: Your flesh is very heat resistant. (rF++)
                  | [Xom's grace]
 32461 | Vaults:1 | Reached skill level 21 in Fighting
 32468 | Vaults:1 | XOM: god gift: potion of curing
 32501 | Vaults:1 | XOM: 2-stop teleportation journey
 32539 | Vaults:1 | XOM: divine lightning
 32541 | Vaults:1 | XOM: summons friendly iron imp
 32545 | Vaults:1 | XOM: 1-stop teleportation journey
 32578 | Vaults:1 | Found Suv Tous's Weapon Shop.
 33087 | Vaults:1 | XOM: give mutations
 33087 | Vaults:1 | Lost mutation: You are agile. (Dex +2) [Xom's mischief]
 33087 | Vaults:1 | Lost mutation: Your mind is acute. (Int +2) [Xom's
                  | mischief]
 33111 | Vaults:1 | Reached skill level 22 in Fighting
 33258 | Vaults:1 | XOM: summons 7 hostile demons
 33599 | Vaults:2 | XOM: silly message
 33600 | Vaults:2 | XOM: confusion (+ monsters)
 33628 | Vaults:2 | XOM: enchant monster (good)
 33712 | Vaults:2 | XOM: polymorph slime creature -> komodo dragon
 33770 | Vaults:2 | Reached XP level 21. HP: 171/203 MP: 21/28
 33783 | Vaults:2 | XOM: enchant monster (bad)
 33870 | Vaults:2 | Found a staircase to the Crypt.
 34000 | Vaults:2 | XOM: blink monster(s)
 34028 | Vaults:2 | Identified the amulet "Fazxukamas" {Reflect rElec SH+5}
 34087 | Vaults:2 | Found Moyn's Antique Armour Shop.
 34095 | Vaults:2 | Bought the +3 pair of gauntlets of War {Slay+5} for 1852
                  | gold pieces
 34095 | Vaults:2 | Found the +3 pair of gauntlets of War {Slay+5}
 34151 | Vaults:2 | Noticed Mara
 34157 | Vaults:2 | XOM: confuse monster(s)
 34164 | Vaults:2 | Noticed jt's illusion
 34288 | Vaults:3 | XOM: give mutation
 34288 | Vaults:3 | Lost mutation: You are mostly covered in iridescent scales.
                  | (AC +4) [Xom's mischief]
 34416 | Vaults:3 | Reached skill level 23 in Fighting
 34561 | Vaults:3 | XOM: enchant monster (bad)
 34562 | Vaults:3 | XOM: swap monsters
 34672 | Vaults:3 | XOM: give mutations
 34672 | Vaults:3 | Lost mutation: Your muscles are strong. (Str +2) [Xom's
                  | mischief]
 34672 | Vaults:3 | Lost mutation: You are strong-willed. (Will+) [Xom's
                  | mischief]
 34874 | Vaults:3 | XOM: polymorph wizard -> faun
 34937 | Vaults:3 | XOM: summons 4 hostile shadow creatures
 35067 | Vaults:2 | XOM: give mutations
 35067 | Vaults:2 | Lost mutation: Your spells are a little harder to cast, but
                  | a little more powerful. [Xom's mischief]
 35067 | Vaults:2 | Lost mutation: You are partially covered in iridescent
                  | scales. (AC +2) [Xom's mischief]
 35371 | Vaults:2 | XOM: give mutation
 35371 | Vaults:2 | Lost mutation: You have a pair of small horns on your head.
                  | [Xom's mischief]
 35528 | Vaults:2 | Noticed jt's illusion
 35533 | Vaults:2 | Killed Mara
 35639 | Vaults:3 | XOM: scenery: 2 doors close
 35645 | Vaults:3 | XOM: summons 13 friendly demons
 35648 | Vaults:3 | Reached skill level 24 in Fighting
 35767 | Vaults:3 | Identified the +3 longbow of Optimality {vorpal, rElec
                  | rCorr Str+8 Int-2} (Xom gifted it to you on level 3 of the
                  | Vaults)
 35767 | Vaults:3 | XOM: god gift: +3 longbow of Optimality {chaos, rElec rCorr
                  | Str+8 Int-2}
 35865 | Vaults:3 | XOM: give mutations
 35865 | Vaults:3 | Lost mutation: You are somewhat resistant to further
                  | mutation. [Xom's grace]
 35865 | Vaults:3 | Gained mutation: You evolve. [Xom's grace]
 35865 | Vaults:3 | Gained mutation: You have a pair of small horns on your
                  | head. [Xom's grace]
 35865 | Vaults:3 | Gained mutation: Your spells are a little harder to cast,
                  | but a little more powerful. [Xom's grace]
 35865 | Vaults:3 | Gained mutation: Your muscles are strong. (Str +2) [Xom's
                  | grace]
 36216 | Vaults:4 | XOM: cleaving
 36363 | Vaults:4 | XOM: god gift: +5 broad axe of freezing
 36490 | Vaults:4 | XOM: scenery: 1 doors open, 1 doors close
 36596 | Vaults:4 | XOM: swap monsters
 36619 | Vaults:4 | Identified the ring "Vewehuyg" {rC+ rN+ Str+2}
 36838 | Vaults:4 | Found Tuqar's General Store.
 36840 | Vaults:4 | XOM: summons 11 hostile demons
 36854 | Vaults:4 | Bought a potion of resistance for 170 gold pieces
 36955 | Vaults:4 | XOM: stat loss: -1 Int (18/19)
 37203 | D:13     | XOM is BORED!
 37203 | D:13     | XOM: noise
 37224 | D:13     | Identified the +8 plate armour of Virrih {rF+++ rC-}
 37274 | D:15     | Entered Level 15 of the Dungeon
 37310 | D:15     | Found Vegacaul's Armour Boutique.
 37326 | D:15     | Gained mutation: You rapidly evolve. [evolution]
 37382 | D:15     | Found a broken altar of Ashenzari.
 37390 | D:15     | XOM: silly message
 37465 | D:15     | Reached XP level 22. HP: 218/218 MP: 29/29
 37466 | D:15     | XOM: swap monsters
 37468 | D:15     | Reached skill level 25 in Fighting
 37972 | D:15     | Found a staircase to the Depths.
 38206 | Orc:2    | XOM: torment (133/220 hp)
 38304 | Orc:2    | Bought 2 potions of heal wounds for 240 gold pieces
 38343 | Elf:1    | Entered Level 1 of the Elven Halls
 38353 | Elf:1    | XOM: chaos upgrade
 38450 | Elf:1    | XOM: polymorph deep elf annihilator -> bunyip
 38485 | Elf:1    | Got the Catalogue of Attacks
 38533 | Elf:1    | XOM: 3-stop teleportation journey
 38546 | Elf:1    | Paralysed by an air elemental for 1 turns
 38582 | Elf:1    | XOM: 3-stop teleportation journey
 38684 | Elf:1    | Found an ancient bone altar of Kikubaaqudgha.
 38875 | Elf:1    | XOM: stat loss: -1 Int (17/18)
 38967 | Elf:2    | XOM: stealth player
 38972 | Elf:2    | Identified the +4 bardiche of Okawaru's Displeasure
                  | {vorpal, Int+2}
 39027 | Elf:2    | XOM: stat loss: -1 Dex (15/16)
 39305 | Elf:2    | Found a runed translucent gate.
 39305 | Elf:2    | Found a runed translucent gate.
 39305 | Elf:2    | Found a runed translucent gate.
 39355 | Elf:3    | Entered Level 3 of the Elven Halls
 39433 | Elf:3    | Reached skill level 26 in Fighting
 39481 | Elf:3    | Noticed Bai Suzhen
 39500 | Elf:3    | XOM: enchant monster (good)
 39501 | Elf:3    | Killed Bai Suzhen
 39605 | Elf:3    | Found Ziolea's Book Emporium.
 39653 | Elf:3    | Found Zops's Magic Scroll Shoppe.
 39680 | Elf:3    | XOM: enchant monster (bad)
 39736 | Elf:3    | XOM: cleaving
 39866 | Elf:3    | XOM: divination: magic mapping
 39906 | Elf:3    | Bought a scroll of acquirement for 884 gold pieces
 39906 | Elf:3    | Acquired 543 gold pieces
 39953 | Orc:2    | XOM: god gift: 24 arrows
 40054 | D:15     | Acquired a manual of Spellcasting
 40221 | Elf:3    | Found Qodd's Jewellery Shop.
 40222 | Elf:3    | Found Asaidat's Book Emporium.
 40307 | Elf:3    | XOM: enchant monster (bad)
 40531 | Elf:3    | XOM: give mutation
 40531 | Elf:3    | Lost mutation: You have a pair of small horns on your head.
                  | [Xom's mischief]
 40621 | Elf:3    | Learned a level 3 spell: Teleport Other
 40819 | Elf:3    | Noticed Donald
 40827 | Elf:3    | Killed Donald
 40853 | Elf:3    | XOM: chaos cloud
 40864 | Elf:3    | XOM: cast spell 'Summon Small Mammal'
 40865 | Elf:3    | XOM: noise
 41011 | Elf:3    | XOM: divination: detect items
 41017 | Elf:3    | Reached XP level 23. HP: 225/232 MP: 36/36
 41017 | Elf:3    | XOM: summons friendly white imp
 41020 | Elf:3    | Identified the +1 lajatang of Eveihon {vorpal, Contam *Slow
                  | rElec Dex+3}
 41022 | Elf:3    | XOM: chaos cloud
 41023 | Elf:3    | Identified the +2 scale mail "Xiahabba" {Dex+7}
 41057 | Elf:3    | XOM: god gift: longbow {god gift}
 41066 | Elf:3    | Reached skill level 10 in Spellcasting
 41090 | Elf:3    | XOM: give mutation
 41090 | Elf:3    | Gained mutation: You can roll at foes to attack. [Xom's
                  | grace]
 41175 | Elf:3    | Found the +9 heavy crossbow "Sniper" {vorpal, Acc+∞ SInv}
 41189 | Elf:3    | Identified the +7 fustibalus of Glamorous Defiance {speed,
                  | Dex+4}
 41258 | Elf:3    | XOM: scenery: 2 doors close
 41395 | Elf:3    | XOM: give mutations
 41395 | Elf:3    | Lost mutation: Your natural rate of healing is unusually
                  | fast. [Xom's mischief]
 41395 | Elf:3    | Lost mutation: Your spells are a little harder to cast, but
                  | a little more powerful. [Xom's mischief]
 41395 | Elf:3    | Lost mutation: You have claws for feet. [Xom's mischief]
 41395 | Elf:3    | Lost mutation: Your tail ends in a poisonous barb. [Xom's
                  | mischief]
 41396 | Elf:3    | XOM: divination: detect creatures
 41464 | Elf:3    | Bought a scroll of holy word for 127 gold pieces
 41657 | Depths:1 | Entered Level 1 of the Depths
 41988 | Depths:1 | XOM: noise
 42218 | Depths:1 | XOM: give mutations
 42218 | Depths:1 | Gained mutation: You expend magic power (3 MP) to
                  | strengthen your wands. [Xom's grace]
 42218 | Depths:1 | Gained mutation: Your tail ends in a poisonous barb. [Xom's
                  | grace]
 42218 | Depths:1 | Gained mutation: You can roll a great distance at foes to
                  | attack. [Xom's grace]
 42218 | Depths:1 | Gained mutation: Your flesh is very cold resistant. (rC++)
                  | [Xom's grace]
 42263 | Depths:1 | XOM: divination: magic mapping
 42288 | Depths:1 | Found Beixto's Armour Emporium.
 42831 | Depths:1 | XOM: give mutation
 42831 | Depths:1 | Lost mutation: Your muscles are strong. (Str +2) [Xom's
                  | mischief]
 42854 | Depths:1 | Found a gateway to Hell.
 42854 | Depths:1 | XOM: summons friendly quasit
 43226 | Depths:2 | XOM: noise
 43348 | Depths:2 | Lost mutation: You rapidly evolve. [evolution]
 43440 | Depths:2 | XOM: 3-stop teleportation journey
 43457 | Depths:2 | XOM: polymorph cyan ugly thing -> green ugly thing
 43661 | Depths:2 | Found a runed translucent door.
 43662 | Depths:2 | Found a shimmering altar of Xom.
 43662 | Depths:2 | Noticed Plog's ghost (adept DgCj)
 43662 | Depths:2 | Identified the +7 broad axe "Kuibbi Pesoe" {chaos, Str+3
                  | SInv}
 44010 | Depths:2 | XOM: confuse monster(s)
 44024 | Depths:2 | XOM: enchant monster (good)
 44028 | Depths:2 | Identified the +4 rapier "Otwuo" {vorpal, *Slow +Blink
                  | rN+++ rCorr}
 44065 | Depths:2 | XOM: polymorph golden dragon -> glowing shapeshifter
 44362 | Depths:2 | Found the +12 glaive of Prune {vorpal}
 44440 | Depths:2 | XOM: god gift: ring of ice
 44445 | Depths:2 | Killed Plog's ghost
 44447 | Depths:2 | Got the Compendium of Frigorific Enchantment
 44595 | Depths:3 | Found Belyid's Assorted Antiques.
 44595 | Depths:3 | Found Adiar's Jewellery Shoppe.
 44596 | Depths:3 | Found Memec's Distillery.
 44598 | Depths:3 | XOM: summons friendly crimson imp
 44600 | Depths:3 | XOM: give mutation
 44600 | Depths:3 | Lost mutation: You evolve. [Xom's mischief]
 44608 | Depths:3 | XOM: swap monsters
 44611 | Depths:3 | Reached skill level 5 in Dodging
 44637 | Depths:3 | Found Xoalunad's Antique Weapon Shoppe.
 44648 | Depths:3 | Bought a steaming glass ring for 185 gold pieces
 44648 | Depths:3 | Identified the ring "Notutanwi" {rF+ Int+6} (You bought it
                  | in a shop on level 3 of the Depths)
 44651 | Depths:3 | Bought a faintly glowing chain mail for 351 gold pieces
 44651 | Depths:3 | Identified the +6 chain mail of Pulot {*Slow Regen+ Dex+4}
                  | (You bought it in a shop on level 3 of the Depths)
 44702 | Depths:3 | XOM: enchant monster (bad)
 44703 | Depths:3 | Noticed a caustic shrike
 44706 | Depths:3 | Reached skill level 10 in Evocations
 44709 | Depths:3 | XOM: summons friendly shadow imp
 44714 | Depths:3 | Killed a caustic shrike
 44718 | Depths:3 | XOM: divination: magic mapping
 44726 | Depths:3 | XOM: confuse monster(s)
 44784 | Depths:2 | XOM: scenery: 1 doors close
 44787 | Depths:2 | XOM: give mutations
 44787 | Depths:2 | Lost mutation: Your flesh is very heat resistant. (rF++)
                  | [Xom's mischief]
 44787 | Depths:2 | Lost mutation: You have sharp fingernails. [Xom's mischief]
 44787 | Depths:2 | Lost mutation: You expend magic power (3 MP) to strengthen
                  | your wands. [Xom's mischief]
 44930 | Depths:2 | XOM: give mutations
 44930 | Depths:2 | Lost mutation: Your flesh is heat resistant. (rF+) [Xom's
                  | mischief]
 44930 | Depths:2 | Lost mutation: You passively dampen the noise of your
                  | surroundings. [Xom's mischief]
 45049 | Depths:3 | XOM: confusion (+ monsters)
 45085 | Depths:3 | Reached XP level 24. HP: 171/240 MP: 40/40
 45277 | Depths:2 | XOM: summons 3 hostile demons
 45376 | Depths:3 | XOM: summons 13 hostile demons
 45418 | Depths:3 | XOM: draining
 45623 | Depths:3 | Noticed a juggernaut
 45645 | Depths:3 | Killed a juggernaut
 45646 | Depths:3 | Reached skill level 1 in Throwing
 45649 | Depths:3 | Identified the +2 robe of Death's Door {+Inv Fly rElec}
 45806 | Depths:3 | XOM: polymorph deep troll shaman -> bunyip
 46080 | Depths:3 | XOM: give mutation
 46080 | Depths:3 | Lost mutation: You are covered in fur. (AC +1) [Xom's
                  | mischief]
 46163 | Depths:3 | Found a one-way gate leading to the halls of Pandemonium.
 46336 | Depths:3 | XOM: confuse monster(s)
 46371 | Depths:4 | Found a gateway to a ziggurat.
 46450 | Depths:4 | XOM: give mutations
 46450 | Depths:4 | Lost mutation: Your flesh is very cold resistant. (rC++)
                  | [Xom's mischief]
 46450 | Depths:4 | Lost mutation: You can roll a great distance at foes to
                  | attack. [Xom's mischief]
 46463 | Depths:4 | XOM: stat loss: -1 Str (22/23)
 46472 | Depths:4 | XOM: blink monster(s)
 46489 | Depths:4 | Found Faroxzah's Assorted Antiques.
 46508 | Depths:4 | XOM: smoke on damage
 46688 | Depths:3 | XOM: silly message
 46928 | Depths:4 | Bought a twisted silver ring for 195 gold pieces
 46931 | Depths:4 | Bought a scroll of magic mapping for 136 gold pieces
 46937 | Depths:4 | Found Vitzyd's Antique Weapon Shoppe.
 47037 | Depths:4 | Found Ucwat's Jewellery Shoppe.
 47114 | Depths:4 | XOM: chaos cloud
 47279 | Depths:4 | XOM: 5-stop teleportation journey
 47283 | Depths:4 | XOM: give mutations
 47283 | Depths:4 | Gained mutation: You are somewhat resistant to further
                  | mutation. [Xom's mischief]
 47283 | Depths:4 | Lost mutation: You are partially covered in large bone
                  | plates. (SH +4) [Xom's mischief]
 47283 | Depths:4 | Gained mutation: You are dopey. (Int -2) [Xom's mischief]
 47287 | Depths:4 | Found a one-way gate to the infinite horrors of the Abyss.
 47292 | Depths:4 | XOM: silly message
 47331 | Depths:4 | XOM: 8-stop teleportation journey
 47549 | Depths:4 | Noticed a juggernaut
 47551 | Depths:4 | a juggernaut changed into a shapeshifter
 47551 | Depths:4 | XOM: polymorph juggernaut -> shapeshifter
 47877 | Depths:4 | XOM: polymorph storm dragon -> storm dragon
 48043 | Depths:4 | Got the Volume of Creation
 48229 | Depths:4 | XOM: give mutations
 48229 | Depths:4 | Gained mutation: Your spells are a little harder to cast,
                  | but a little more powerful. [Xom's grace]
 48229 | Depths:4 | Gained mutation: You have a pair of small horns on your
                  | head. [Xom's grace]
 48229 | Depths:4 | Gained mutation: You are agile. (Dex +2) [Xom's grace]
 48312 | Depths:4 | XOM: cloud trail
 48359 | Depths:4 | XOM: summons 3 hostile shadow creatures
 48556 | Depths:4 | XOM: god gift: scroll of enchant weapon
 48680 | Depths:4 | Found Ecepn's Magic Scroll Boutique.
 48684 | Depths:4 | Bought a scroll of acquirement for 832 gold pieces
 48685 | Depths:4 | Acquired the +6 lightning scales {swift, rElec}
 48686 | Depths:4 | Found the +6 lightning scales {swift, rElec}
 48721 | Depths:4 | Found Qusaffec's Armour Shop.
 48757 | Depths:5 | Entered Level 5 of the Depths
 48760 | Depths:5 | Noticed a juggernaut
 48765 | Depths:5 | XOM: confusion (+ monsters)
 48775 | Depths:5 | XOM: cast spell 'Metabolic Englaciation'
 49053 | Depths:5 | Reached skill level 15 in Spellcasting
 49064 | Depths:5 | Reached skill level 5 in Throwing
 49070 | Depths:5 | Learned a level 3 spell: Vampiric Draining
 49213 | Depths:5 | XOM: confuse monster(s)
 49215 | Depths:5 | XOM: polymorph iron troll -> alligator snapping turtle
 49218 | Depths:5 | XOM: polymorph alligator snapping turtle -> sphinx
 49239 | Depths:5 | XOM: enchant monster (good)
 49241 | Depths:5 | Killed a juggernaut
 49264 | Depths:5 | XOM: confuse monster(s)
 49510 | Depths:5 | XOM: divination: magic mapping
 49547 | Depths:5 | Found a shadowy altar of Dithmenos.
 49566 | Depths:5 | XOM: confuse monster(s)
 49666 | Depths:5 | XOM: divination: detect items
 49672 | Depths:5 | XOM: cast spell 'Discord'
 49700 | Depths:5 | Reached XP level 25. HP: 192/248 MP: 42/42
 49709 | Depths:5 | Found a gate to the Realm of Zot.
 49711 | Depths:5 | XOM: divination: detect items
 49712 | Depths:5 | XOM: enchant monster (bad)
 49719 | Depths:5 | XOM: confusion (+ monsters)
 50098 | Depths:5 | XOM: summons 9 hostile demons
 50215 | Depths:4 | Voluntarily entered the Abyss.
 50482 | Abyss:2  | XOM: polymorph small abomination -> small abomination
 50512 | Abyss:2  | Found a corrupted altar of Lugonu.
 50529 | Abyss:3  | Found a corrupted altar of Lugonu.
 50564 | Abyss:3  | XOM: chaos cloud
 50657 | Abyss:3  | XOM: polymorph large abomination -> large abomination
 50702 | Abyss:4  | Reached skill level 1 in Necromancy
 50764 | Abyss:4  | Paralysed by a floating eye for 4 turns
 50777 | Abyss:4  | Got an abyssal rune of Zot
 50790 | Depths:4 | Escaped the Abyss
 51135 | Depths:4 | Voluntarily entered the Abyss.
 51143 | Abyss:1  | XOM: cleaving
 51153 | Abyss:1  | XOM: cleaving
 51224 | Abyss:1  | Found a corrupted altar of Lugonu.
 51298 | Abyss:2  | Found a corrupted altar of Lugonu.
 51405 | Abyss:3  | Identified the +5 flail of Valour {vorpal, +Rage rF+}
 51444 | Abyss:3  | XOM: confusion
 51469 | Abyss:3  | XOM: noise
 51488 | Abyss:3  | Reached skill level 5 in Necromancy
 51550 | Abyss:3  | Noticed an ancient lich
 51552 | Abyss:3  | XOM: confuse monster(s)
 51558 | Abyss:3  | Killed an ancient lich
 51720 | Abyss:5  | Entered Level 5 of the Abyss
 51828 | Abyss:5  | XOM: divination: magic mapping
 51843 | Abyss:5  | XOM: cleaving
 51855 | Abyss:5  | XOM: enchant monster (good)
 51856 | Abyss:5  | XOM: scenery: summon butterflies
 51873 | Abyss:5  | XOM: summons 2 friendly demons
 51875 | Abyss:5  | XOM: god gift: short sword {god gift}
 51876 | Abyss:5  | XOM: enchant monster (good)
 51880 | Depths:4 | Escaped the Abyss
 52038 | Zot:1    | Entered Level 1 of the Realm of Zot
 52044 | Zot:1    | XOM: polymorph golden dragon -> ghost moth
 52070 | Zot:1    | Reached skill level 15 in Evocations
 52070 | Zot:1    | XOM: potion effect (magic)
 52072 | Zot:1    | XOM: enchant monster (good)
 52077 | Zot:1    | Reached skill level 10 in Armour
 52196 | Zot:1    | XOM: give mutations
 52196 | Zot:1    | Gained mutation: You have a somewhat thin skeletal
                  | structure. (Dex +2, Stealth+) [Xom's grace]
 52196 | Zot:1    | Gained mutation: You are covered in fur. (AC +1) [Xom's
                  | grace]
 52196 | Zot:1    | Gained mutation: Your muscles are strong. (Str +2) [Xom's
                  | grace]
 52488 | Depths:4 | Bought a scroll of magic mapping for 56 gold pieces
 52496 | Depths:4 | XOM: 1-stop teleportation journey
 52826 | Zot:1    | XOM: confuse monster(s)
 52832 | Zot:1    | Reached XP level 26. HP: 76/256 MP: 42/42
 52954 | Zot:1    | XOM: give mutations
 52954 | Zot:1    | Gained mutation: You are very agile. (Dex +4) [Xom's grace]
 52954 | Zot:1    | Lost mutation: You are somewhat resistant to further
                  | mutation. [Xom's grace]
 52954 | Zot:1    | Gained mutation: You evolve. [Xom's grace]
 52954 | Zot:1    | Gained mutation: You are strong-willed. (Will+) [Xom's
                  | grace]
 52954 | Zot:1    | Gained mutation: Your muscles are very strong. (Str +4)
                  | [Xom's grace]
 53075 | Zot:1    | XOM: enchant monster (good)
 53193 | Zot:1    | XOM: god gift: phantom mirror
 53321 | Zot:1    | XOM: 8-stop teleportation journey
 53322 | Zot:1    | XOM: cast spell 'Discord'
 53633 | Zot:1    | XOM: noise
 53774 | Zot:1    | XOM: enchant monster (good)
 54299 | Vaults:5 | Entered Level 5 of the Vaults
 54299 | Vaults:5 | XOM: summons 3 friendly demons
 54305 | Vaults:5 | XOM: confusion
 54383 | Vaults:5 | XOM: silly message
 54402 | Vaults:5 | XOM: confuse monster(s)
 54417 | Vaults:5 | XOM: swap monsters
 54464 | Vaults:5 | Reached skill level 10 in Necromancy
 54487 | Vaults:5 | Found Liutrac's Magic Scroll Shop.
 54514 | Vaults:5 | Found Naqu's Distillery.
 54647 | Vaults:5 | XOM: chaos cloud
 54739 | Vaults:5 | XOM: scenery: summon butterflies
 54752 | Vaults:5 | XOM: confuse monster(s)
 54830 | Vaults:5 | Found Qyevoaho's Armour Shop.
 54845 | Vaults:5 | Got a silver rune of Zot
 54903 | Vaults:5 | Reached skill level 10 in Dodging
 55083 | Vaults:5 | Found Mabote's Book Boutique.
 55084 | Vaults:5 | Found Tomichoesa's Distillery.
 55101 | Vaults:5 | Reached XP level 27. HP: 157/264 MP: 42/42
 55283 | Vaults:5 | Found Vuan's Antique Armour Shoppe.
 55291 | Vaults:5 | Noticed an ancient lich
 55302 | Vaults:5 | XOM: summons friendly quasit
 55308 | Vaults:5 | Killed an ancient lich
 55319 | Vaults:5 | Acquired 934 gold pieces
 55332 | Vaults:5 | Found Nino's Distillery.
 55373 | Vaults:5 | XOM: god gift: hand axe {god gift}
 55748 | Orc:2    | XOM: scenery: summon butterflies
 55771 | Orc:2    | Bought the +2 shield of Resistance {rF++ rC++ Will++} for
                  | 2531 gold pieces
 55771 | Orc:2    | Found the +2 shield of Resistance {rF++ rC++ Will++}
 55847 | D:13     | XOM: god gift: wand of charming (10)
 55910 | Vaults:1 | XOM: 1-stop teleportation journey
 56307 | Vaults:5 | Bought a potion of haste for 230 gold pieces
 56307 | Vaults:5 | Bought a potion of heal wounds for 115 gold pieces
 56307 | Vaults:5 | Bought a potion of might for 92 gold pieces
 56347 | Vaults:5 | Bought a potion of heal wounds for 110 gold pieces
 56349 | Vaults:5 | Bought a potion of curing for 66 gold pieces
 56349 | Vaults:5 | Bought a potion of haste for 220 gold pieces
 56349 | Vaults:5 | Bought a potion of curing for 66 gold pieces
 56349 | Vaults:5 | Bought a potion of might for 88 gold pieces
 56374 | Vaults:5 | Bought a potion of haste for 230 gold pieces
 56374 | Vaults:5 | Bought a potion of curing for 69 gold pieces
 56374 | Vaults:5 | Bought a potion of cancellation for 184 gold pieces
 56667 | Lair:3   | XOM: cloud trail
 56720 | Lair:5   | Learned a level 4 spell: Iskenderun's Mystic Blast
 56722 | Slime:1  | Entered Level 1 of the Pits of Slime
 56725 | Slime:1  | XOM: polymorph rockslime -> golden dragon
 57058 | Slime:3  | Reached skill level 1 in Conjurations
 57100 | Slime:4  | XOM: god gift: scroll of teleportation
 57137 | Slime:5  | Entered Level 5 of the Pits of Slime
 57156 | Slime:5  | Noticed the Royal Jelly
 57167 | Slime:5  | Noticed a shard shrike shaped Royal Jelly
 57167 | Slime:5  | the Royal Jelly changed into a shard shrike shaped Royal
                  | Jelly
 57167 | Slime:5  | XOM: polymorph Royal Jelly -> shard shrike shaped Royal
                  | Jelly
 57168 | Slime:5  | Killed a shard shrike shaped Royal Jelly
 57282 | Slime:5  | Got a slimy rune of Zot
 57306 | Slime:5  | Identified the ring "Jyugy" {rPois rN++ rCorr MP+9}
 57324 | Slime:5  | Identified the +5 scimitar of Balance {drain, Str+2 Int+3}
 57348 | Slime:5  | Identified the ring "Douzaxke" {EV+4 Int+3 SInv}
 57511 | Lair:5   | XOM: god gift: 22 gold pieces
 57909 | Depths:5 | XOM: divination: detect creatures
 57999 | Zot:2    | XOM: divination: detect items
 58001 | Zot:2    | XOM: swap monsters
 58665 | Zot:3    | XOM: 1-stop teleportation journey
 58676 | Zot:3    | Reached skill level 5 in Conjurations
 58779 | Zot:3    | XOM: noise
 58794 | Zot:3    | Found Eggeasank's CLEARANCE SALE! EVERYTHING MUST GO!.
 58802 | Zot:3    | Bought a potion of curing for 15 gold pieces
 58870 | Zot:3    | XOM: fog
 58973 | Zot:4    | XOM: noise
 59183 | Zot:4    | XOM: cloud trail
 59222 | Zot:4    | XOM: enchant monster (bad)
 59309 | Zot:5    | Entered Level 5 of the Realm of Zot
 59340 | Zot:5    | XOM: stat loss: -1 Str (27/28)
 59346 | Zot:5    | XOM: chaos upgrade
 59352 | Zot:5    | XOM: fog
 59375 | Zot:5    | XOM: summons 2 friendly demons
 59384 | Zot:5    | XOM: summons friendly ufetubus
 59397 | Zot:4    | XOM: confuse monster(s)
 59532 | Zot:4    | XOM: polymorph golden dragon -> caustic shrike
 59679 | Zot:4    | XOM: give mutations
 59679 | Zot:4    | Gained mutation: Your tail ends in a sharp poisonous barb.
                  | [Xom's grace]
 59679 | Zot:4    | Gained mutation: Your system is resistant to poisons.
                  | (rPois) [Xom's grace]
 59720 | Zot:4    | XOM: fog
 59724 | Zot:4    | XOM: divination: detect items
 59901 | Zot:4    | XOM: give mutations
 59901 | Zot:4    | Gained mutation: You have an increased reservoir of magic.
                  | (+10% MP) [Xom's grace]
 59901 | Zot:4    | Gained mutation: You are highly strong-willed. (Will++)
                  | [Xom's grace]
 59901 | Zot:4    | Gained mutation: Your natural rate of healing is unusually
                  | fast. [Xom's grace]
 59946 | Zot:4    | Lost mutation: Your tail ends in a sharp poisonous barb.
                  | [evolution]
 60289 | Zot:5    | XOM: enchant monster (good)
 60421 | Zot:5    | Noticed an orb of fire
 60540 | Zot:5    | XOM: god gift: 18 gold pieces
 60586 | Zot:5    | XOM: divine lightning
 60713 | Zot:5    | XOM: give mutations
 60713 | Zot:5    | Gained mutation: Your movements are slightly less
                  | encumbered by armour. (ER -2) [Xom's grace]
 60713 | Zot:5    | Gained mutation: You are partially covered in iridescent
                  | scales. (AC +2) [Xom's grace]
 60713 | Zot:5    | Lost mutation: You are dopey. (Int -2) [Xom's grace]
 60728 | Zot:5    | Learned a level 3 spell: Gell's Gravitas
 60756 | Zot:5    | Reached skill level 10 in Throwing
 60833 | Zot:5    | XOM: divination: magic mapping
 60911 | Zot:5    | Noticed an orb of fire
 60924 | Zot:5    | Killed an orb of fire
 60947 | Zot:5    | Noticed an orb of fire
 60951 | Zot:5    | Killed an orb of fire
 61008 | Zot:5    | XOM: enchant monster (good)
 61023 | Zot:5    | XOM: confuse monster(s)
 61046 | Zot:5    | Reached skill level 15 in Dodging
 61053 | Zot:5    | XOM: divination: magic mapping
 61108 | Zot:5    | XOM: enchant monster (good)
 61139 | Zot:5    | Noticed an orb of fire
 61144 | Zot:5    | Gained mutation: You sometimes lose the ability to read
                  | scrolls when taking damage. [an orb of fire]
 61158 | Zot:5    | Killed an orb of fire
 61218 | Zot:5    | XOM: noise
 61259 | Zot:5    | XOM: give mutation
 61259 | Zot:5    | Lost mutation: You sometimes lose the ability to read
                  | scrolls when taking damage. [Xom's mischief]
 61286 | Zot:5    | XOM: summons friendly white imp
 61295 | Zot:5    | XOM: blink monster(s)
 61302 | Zot:5    | XOM: polymorph hell rat -> hell hound
 61614 | Zot:5    | Got the Orb of Zot
 61688 | Zot:3    | XOM: noise
 62209 | D:1      | XOM: stat loss: -1 Int (17/18)
 62224 | D:$      | Escaped with the Orb!

Illustrated notes

Levels and vault maps discovered:
D:1:      arrival_aquarium_a, layout_loops_corners, st_stairs_2,
          minmay_misc_feat_more_columns, serial_bayou_ford_a
D:2:      layout_loops_corners, basic_altar, wad_floor_pattern_untrapped,
          minmay_close_crescents
D:3:      cheibrodos_thug_alley, layout_basic, basic_ecumenical_altar
D:4:      layout_gridville, nicolae_qazlal_scattered_showers, serial_shops,
          nicolae_shop_waterfront, minmay_surrounded
D:5:      minmay_clustersquares, layout_basic, temple_hall
D:6:      layout_layer_cave, mainiacjoe_overflow_paths,
          mainiacjoe_overflow_24_doors, gup_sewer_entry_pipe, sigmund_army
D:7:      layout_basic, grunt_temple_overflow_growth_and_decay, zin_purify,
          mainiacjoe_overflow_boulevard, uniq_pikel
D:8:      layout_layer_cave
D:9:      layout_roguey, grunt_temple_overflow_opulence, serial_rivers,
          chequers_serial_rivers_small_b, chequers_serial_rivers_micro_e,
          chequers_serial_rivers_small_3, chequers_serial_rivers_micro_a,
          serial_bayou_pond_a
D:10:     layout_loops_cross, minmay_statue_crystal_thing
D:11:     layout_big_octagon, dpeg_oklobed_lair
D:12:     layout_basic, erik_orc_4, uniq_erolcha, uniq_gastronok
D:13:     layout_loops_corners, minmay_holes, drop_trap, minmay_st_funbox
D:14:     layout_roguey [special_room_orc], erik_vaults_2, enter_bailey_3,
          special_room [special_room_orc], portal_ice_cave_entry_ice_statue_two,
          drop_trap, uniq_louise
D:15:     gammafunk_enter_depths_forms, layout_irregular_city,
          minmay_misc_feat_encased, serial_shops, shop, ashenzari_altar_1
Temple:   cyrus_circular_temple
Lair:1:   layout_misc_corridors
Lair:2:   layout_hall_layers, minmay_snake_entry_six_corridors,
          wad_woods_road_01
Lair:3:   layout_cave_pods, gauntlet_entry_generic, minmay_lindwurm_lava,
          uniq_rupert, uniq_sonja
Lair:4:   layout_cellular_growth, minmay_swamp_entry_worms, grunt_megastairs_5,
          lemuel_fruit_tree
Lair:5:   layout_layer_cave, nicolae_slime_entry_slimehenge, basic_altar
Lair:6:   hangedman_lair_tendril_chambers, layout_loops_ring, basic_altar,
          lemuel_fruit_fields
Swamp:1:  layout_basic_swamp, serial_swamp_ruin, evilmike_swamp_ruin_rubble_2,
          evilmike_swamp_ruin_house_3
Swamp:2:  layout_basic_swamp, evilmike_swamp_ruin_house_5,
          infiniplex_staircase_pool
Swamp:3:  layout_basic_swamp, hangedman_swamp_ruin_wall, swamp_pool3,
          hangedman_swamp_cone, lemuel_altar_in_water, uniq_roxanne
Swamp:4:  byrel_swamp_growth_death_and_undeath, layout_basic_swamp, swamp_pool4
Snake:1:  layout_cave_shapes, special_room, nicolae_snake_snake_lake,
          nicolae_snake_scaly_snakehead, uniq_nikola
Snake:2:  layout_honeycomb, basic_altar, st_stairs_14,
          nicolae_snake_mages_go_home
Snake:3:  layout_onion_interference
Snake:4:  minmay_snake_end_coiled, layout_cave_town, uniq_aizul
Slime:1:  layout_caves
Slime:2:  layout_caves
Slime:3:  layout_caves
Slime:4:  layout_caves, nicolae_slime_round_cave
Slime:5
Orc:1:    orc_temple, layout_caves, nicolae_orc_sculptors_studio,
          nicolae_orc_pool_cavern, nicolae_orc_rockfall, mines2_david
Orc:2:    grunt_orc_community_town_hall, layout_diamond_mine,
          grunt_orc_community_big_house_2, grunt_orc_community_big_house_1,
          grunt_orc_community_house_2, grunt_orc_community_house_1,
          grunt_orc_community_house_3, grunt_orc_community_house_2,
          grunt_orc_community_house_2, serial_shops, nicolae_square_shop,
          uniq_maurice
Elf:1:    eino_elf_arrival_shootout, layout_geoelf_octagon, basic_altar,
          minmay_elf_annihilation
Elf:2:    elven_hall_of_blades_hangedman_original
          [nicolae_blade_entry_sentries_behind_glass], layout_geoelf_diagonals
Elf:3:    minmay_elf_hall_x, layout_geoelf_octagon, serial_shops, shop,
          minmay_fountain_box, guppyfry_library_mini, minmay_shop_grove,
          uniq_donald, uniq_bai_suzhen
Vaults:1: vaults_room_pool, vaults_room_grid, vaults_dpeg_doors,
          nicolae_vaults_what_the_h, v_misc_2, vaults_room_door_ring, v_misc_3,
          vaults_dpeg_diagonal, hangedman_vaults_snaps, grunt_vaults_focal,
          vaults_room_corners, grunt_vaults_swirl, layout_vaults_big_room,
          serial_shops, nicolae_square_shop
Vaults:2: v_misc_12, v_misc_28, nicolae_vaults_stairing_the_circle,
          nicolae_vaults_quadrants, minmay_crypt_entry_simple_walls, v_misc_25,
          v_alt_pattern_2, v_alt_pattern_3, ontoclasm_vaults_spin, v_misc_15,
          vaults_room_hallway, nicolae_vaults_alarming, v_misc_8,
          vaults_dpeg_cross, vaults_dpeg_encased_lava, layout_vaults_omnibox,
          serial_shops, shop, uniq_mara
Vaults:3: vaults_room_pool, v_misc_23, ontoclasm_vaults_tryst,
          nicolae_vaults_diagonal_hallway_7, vaults_room_pools,
          ontoclasm_vaults_misaligned, nicolae_vaults_little_squares_6,
          vaults_standard_mumra_lines, vaults_mumra_hexcomb,
          hangedman_vaults_locks, hangedman_vaults_stream,
          layout_vaults_omnigrid
Vaults:4: grunt_vaults_bifocal, vaults_room_corners, v_rooms_1, v_pattern_5,
          v_misc_23, vaults_room_semicircle, v_misc_3, vaults_room_pool,
          vaults_room_fours, dpeg_vaults_monster_box, v_misc_13,
          layout_vaults_ring, serial_shops, nicolae_shop_trees
Vaults:5
Depths:1: layout_honeycomb, grunt_decor_mini_mirrors, hellmouth_1,
          amcnicky_mini_corridor_feature, nicolae_take_the_stairs,
          minmay_variable_closet, kennysheep_generic_room_7, grunt_megastairs_4
Depths:2: minmay_inner_zag, layout_cave_pools, lightli_too_deep,
          ebering_ghost_xom, minmay_evil_grid, serial_bayou_shore_b
Depths:3: minmay_the_grid_octo_tiled_squarecenter_mashed
          [minmay_the_grid_octo_fat_diamond, minmay_the_grid_octo_pinwheel,
          minmay_the_grid_octo_tetromino_candy, minmay_the_grid_octo_77,
          minmay_the_grid_square_5x5_megaprize_crossed,
          minmay_the_grid_square_5x5_shrine1,
          minmay_the_grid_square_5x5_spiral_small,
          minmay_the_grid_square_5x5_fancy_junction,
          minmay_the_grid_square_5x5_n_small], layout_honeycomb,
          grunt_pan_entry_zigzag, hell_entry, minmay_shoptagon
Depths:4: kennysheep_large_spiral, layout_basic, enter_ziggurat_b, abyss_entry,
          serial_sigils_hangedman_snap, serial_shops, shop_statue,
          shop_fountains, shop, shop, nicolae_shop_overgrown_old_shop,
          grunt_pan_entry_sceptre, hell_entry, minmay_staircase_windowed_small,
          serial_bayou_shore_b
Depths:5: grunt_zot_entry_tricorne, layout_cave_pools, hell_entry,
          grunt_dithmenos_smoke
Zot:1:    grunt_twist_and_shout, layout_onion, zot_minivault_3
Zot:2:    layout_basic
Zot:3:    kennysheep_bubbly, layout_twisted_circle, nicolae_shop_clearance
Zot:4:    layout_gridville
Zot:5:    layout_basic, nrook_zot_tub

Skill      XL: |  1  2  3  4  5  6  7  8  9 10 11 12 13 14 15 16 17 18 19 20 21 22 23 24 25 26 27 |
---------------+----------------------------------------------------------------------------------+-----
Axes           | 4 5 6 7 8 9 10 11 12 14 17 18 | 18.0
Shields        | 2 4 6 10 13 14 15 | 15.0
Evocations     | 2 5 7 8 10 13 15 16 20 | 20.4
Armour         | 5 6 10 | 10.0
Fighting       | 6 12 15 16 19 22 24 26 | 26.9
Spellcasting   | 3 4 5 9 13 15 | 15.0
Translocations | 3 4 5 8 |  8.0
Dodging        | 2 5 6 10 15 | 15.7
Throwing       | 6 11 | 11.8
Necromancy     | 6 10 | 10.0
Conjurations   | 5 |  5.0

Action                   |  1- 3 |  4- 6 |  7- 9 | 10-12 | 13-15 | 16-18 | 19-21 | 22-24 | 25-27 || total
-------------------------+-------+-------+-------+-------+-------+-------+-------+-------+-------++-------
Melee: Hand axe          |   119 |   129 |   112 |       |       |       |       |       |       ||   360
       Tailslap          |     7 |    12 |    30 |    64 |   112 |    73 |   215 |   226 |   435 ||  1174
       Broad axe         |       |       |   185 |   280 |   686 |   367 |  1168 |  1109 |  1636 ||  5431
       Kick              |       |       |    14 |   117 |   128 |       |       |       |       ||   259
       Demon whip        |       |       |       |    44 |    63 |     3 |     5 |       |       ||   115
       Headbutt          |       |       |       |       |   105 |    90 |   282 |    97 |   613 ||  1187
       Bite              |       |       |       |       |    49 |    59 |   175 |   181 |   346 ||   810
       Peck              |       |       |       |       |     4 |       |       |       |       ||     4
       Unarmed           |       |       |       |       |       |       |       |     9 |       ||     9
Throw: Dart              |       |       |       |     7 |    11 |     2 |     2 |     6 |     8 ||    36
       Boomerang         |       |       |       |     1 |     7 |       |       |       |       ||     8
       Javelin           |       |       |       |       |       |     1 |       |     1 |    63 ||    65
 Cast: Poisonous Vapours |       |       |       |       |     1 |       |       |       |       ||     1
       Blink             |       |       |       |       |       |     1 |     1 |     3 |     6 ||    11
       Vampiric Draining |       |       |       |       |       |       |       |       |     1 ||     1
       Iskenderun's Myst |       |       |       |       |       |       |       |       |     1 ||     1
 Abil: Rolling Charge    |    28 |    27 |    72 |    52 |   176 |    68 |   249 |   199 |   314 ||  1185
       Evoke Blink       |       |       |       |       |     1 |       |       |       |       ||     1
Evoke: Wand              |       |       |     1 |     3 |     9 |     5 |     5 |    10 |    26 ||    59
       Piece from Xom's  |       |       |       |       |    21 |     1 |       |     2 |       ||    24
       Tin of tremorston |       |       |       |       |     3 |     1 |     4 |     4 |    14 ||    26
       Phantom mirror    |       |       |       |       |       |       |     1 |       |       ||     1
       Condenser vane    |       |       |       |       |       |       |       |     1 |       ||     1
  Use: Scroll            |       |     8 |     8 |    15 |     6 |     2 |     5 |     4 |    18 ||    66
       Potion            |       |       |     1 |     4 |     7 |     4 |     1 |     3 |    26 ||    46
 Stab: Invisible         |     3 |       |       |       |       |       |     2 |       |       ||     5
       Distracted        |       |     1 |       |       |     2 |     1 |     2 |     1 |     1 ||     8
       Paralysed         |       |       |       |       |     3 |       |     1 |     1 |     2 ||     7
       Confused          |       |       |       |       |     3 |       |     5 |    12 |    10 ||    30
       Petrifying        |       |       |       |       |     2 |       |       |     1 |     2 ||     5
       Sleeping          |       |       |       |       |       |     2 |       |     1 |       ||     3
       Petrified         |       |       |       |       |       |       |       |       |     1 ||     1
Armor: Leather armour    |    48 |    85 |   110 |       |       |       |       |       |       ||   243
       Ring mail         |       |       |    19 |    71 |    94 |    37 |   127 |   226 |   553 ||  1127
       Swamp dragon scal |       |       |       |       |    37 |    99 |   105 |       |       ||   241
       Skin              |       |       |       |       |       |       |       |     3 |       ||     3
Dodge: Dodged            |    48 |    69 |    59 |    44 |    87 |    38 |    94 |    99 |   393 ||   931
Block: Other             |    12 |    48 |       |       |       |       |       |     3 |       ||    63
       Tower shield      |       |    35 |   349 |   275 |   605 |   367 |   916 |   846 |   566 ||  3959
       Reflection        |       |       |       |       |       |       |    14 |    56 |       ||    70
       Kite shield       |       |       |       |       |       |       |       |       |   391 ||   391
